 Dungeon Crawl Stone Soup version 0.30-a0-1103-g25895a7845 (webtiles) character file.

Game seed: 15731851007979759012

684223 snarfax the Conqueror (level 27, -4/245 HPs)
             Began as a Minotaur Gladiator on Apr 17, 2023.
             Was the Champion of the Shining One.
             Killed by divine providence
             ... invoked by a smoke demon
              (15 damage)
             ... on level 3 of the Abyss on Apr 18, 2023.
             The game lasted 05:34:20 (71418 turns).

snarfax the Conqueror (Minotaur Gladiator)         Turns: 71418, Time: 05:34:21

Health: -4/245     AC: 25    Str: 18 (26) XL:     27
Magic:  11/21      EV:  6    Int: -1 (9)  God:    the Shining One [******]
Gold:   7391       SH: 23    Dex:  7 (9)  Spells: 26/26 levels left

rFire   . . .      SeeInvis .    I - +9 trishula (holy)
rCold   + + .      Faith    .    W - +5 kite shield {reflect}
rNeg    + + +      Spirit   .    D - +1 gold dragon scales
rPois   +          Reflect  +    (helmet restricted)
rElec   .          Rampage  .    B - +0 cloak "Qoze" {Str+2}
rCorr   .          Rage     9%   x - +2 pair of gloves
Will    ++...                    (no boots) Stlth
                                 Z - amulet of regeneration
HPRegen 0.00/turn                Q - ring of Levity {rPois rC+ Stlth+}
MPRegen 0.17/turn                E - ring "Hyuxif" {rC+ Int+2}

@: corroded, on berserk cooldown, inhibited regen, slowed, lost intelligence,
glowing, constricted, unable to read, very slow
A: horns 2, retaliatory headbutt, large bone plates 1, deterioration 2, poison
resistance, shaggy fur 1, MP-powered wands, [berserk 2], clumsy 1[+1], [dopey
1], [frail 1], low MP 1[+2], [screaming 2], [inhibited regeneration],
([teleportitis 1]), [weak 2], [no potion heal 1], [cold vulnerability 1], [heat
vulnerability 1], subdued magic 2[+1], [inability to drink after injury 1],
[inability to read after injury 1]
}: 5/15 runes: decaying, slimy, silver, abyssal, gossamer
a: Renounce Religion, Divine Shield, Cleansing Flame, Summon Divine Warrior


You were on level 3 of the Abyss.
You worshipped the Shining One.
The Shining One was exalted by your worship.
You visited 14 branches of the dungeon, and saw 58 of its levels.
You visited the Abyss 5 times.
You also visited: Gauntlet, Ice Cave and Wizlab.

You collected 8237 gold pieces.
You spent 846 gold pieces at shops.

Inventory:

Hand Weapons
 a - the +6 halberd of Cuecroum {antimagic, Str+3 Dex+3}
   (You took it off a deep elf demonologist on level 3 of the Elven Halls)

   Str:       It affects your strength (+3).
   Dex:       It affects your dexterity (+3).
 r - the +10 glaive "Hyvvann" {heavy, MP+9 Str+2 SInv}
   (You found it on level 3 of the Depths)

   Str:       It affects your strength (+2).
   MP:        It affects your magic capacity (+9).
   SInv:      It lets you see invisible.
 I - a +9 trishula of holy wrath (weapon)
Missiles
 d - 4 throwing nets
 o - 15 curare-tipped darts
 H - 25 atropa-tipped darts
Armour
 e - a +1 cloak of stealth
 g - +3 pearl dragon scales
 q - the +1 leather armour of Nedul {+Blink rC++ Str-3}
   (You found it on level 7 of the Dungeon)

   Str:       It affects your strength (-3).
   rC:        It greatly protects you from cold.
   +Blink:    It lets you blink.
 s - +0 gold dragon scales
 w - a +1 crystal plate armour of cold resistance
 x - a +2 pair of gloves (worn)
 z - a +0 tower shield
 B - the +0 cloak "Qoze" (worn) {Str+2}
   (You found it on level 5 of the Pits of Slime)

   Str:       It affects your strength (+2).
 D - +1 gold dragon scales (worn)
 K - +2 pearl dragon scales
 S - the +8 plate armour of Kekkenu {Regen+}
   (You found it on level 5 of the Pits of Slime)

   Regen:     It increases your rate of health regeneration.
 W - a +5 kite shield of reflection (worn)
Jewellery
 k - a +4 ring of protection
 n - a ring of willpower
 y - a ring of protection from fire
 E - the ring "Hyuxif" (right hand) {rC+ Int+2}
   (You found it in a Gauntlet)

   [ring of protection from cold]

   Int:       It affects your intelligence (+2).
   rC:        It protects you from cold.
 G - a ring of resist corrosion
 L - a ring of ice
 O - the ring "Piydwa" {Fire rPois Str+3}
   (You found it on level 3 of the Elven Halls)

   [ring of fire]

   It enhances your fire magic.
   Str:       It affects your strength (+3).
   rF:        It protects you from fire.
   rC:        It makes you vulnerable to cold.
   rPois:     It protects you from poison.
 P - the ring "Taclumn" {Ice Str+3}
   (You took it off Josephina on level 2 of the Realm of Zot)

   [ring of ice]

   It enhances your ice magic.
   Str:       It affects your strength (+3).
   rF:        It makes you vulnerable to fire.
   rC:        It protects you from cold.
 Q - the ring of Levity (left hand) {rPois rC+ Stlth+}
   (You found it on level 5 of the Pits of Slime)

   [ring of poison resistance]

   rC:        It protects you from cold.
   rPois:     It protects you from poison.
   Stlth:     It makes you more stealthy.
 T - a ring of see invisible
 U - the amulet of Ajofuseq {Acrobat rElec Str+2}
   (You found it on level 3 of the Crypt)

   [amulet of the acrobat]

   It increases your evasion while moving and waiting.
   Str:       It affects your strength (+2).
   rElec:     It insulates you from electricity.
 Z - an amulet of regeneration (around neck)
Wands
 m - a wand of flame (62)
 t - a wand of digging (12)
 u - a wand of roots (36)
 R - a wand of acid (14)
Scrolls
 c - 3 scrolls of blinking
 f - 5 scrolls of poison
 i - a scroll of enchant armour
 l - 11 scrolls of fear
 v - 2 scrolls of enchant weapon
 C - 15 scrolls of teleportation
 X - 9 scrolls of magic mapping
Potions
 j - 4 potions of might
 p - 5 potions of cancellation (quivered)
 A - a potion of haste
 F - 10 potions of flight
 J - 24 potions of curing
 M - 3 potions of mutation
 N - 2 potions of heal wounds
 V - 3 potions of resistance
 Y - 5 potions of berserk rage
Miscellaneous
 b - a phantom mirror
 h - a box of beasts


   Skills:
 O Level 27 Fighting
 O Level 27 Polearms
 - Level 2.0 Throwing
 - Level 24.0 Armour
 - Level 25.0 Dodging
 - Level 16.5 Stealth
 - Level 20.0 Shields
 + Level 11.6 Invocations
 - Level 5.0 Evocations


You had 26 spell levels left.
You didn't know any spells.
Your spell library contained the following spells:

 Spells                   Type           Power      Damage    Failure   Level
 Apportation              Tloc           0%         N/A       100%        1
 Foxfire                  Conj/Fire      0%         2x1d4     100%        1
 Freeze                   Ice            0%         1d3       100%        1
 Kiss of Death            Conj/Necr      0%         2d5       100%        1
 Magic Dart               Conj           0%         1d3       100%        1
 Necrotise                Necr           0%         1d4       100%        1
 Sandblast                Erth           0%         2d4       100%        1
 Shock                    Conj/Air       0%         1d3       100%        1
 Slow                     Hex            0%         N/A       100%        1
 Sting                    Tmut/Pois      0%         1d3       100%        1
 Summon Small Mammal      Summ           0%         N/A       100%        1
 Blink                    Tloc           0%         N/A       100%        2
 Cigotuvi's Dreadful Rot  Necr/Pois/Air  0%         N/A       100%        2
 Ensorcelled Hibernation  Hex/Ice        0%         N/A       100%        2
 Lesser Beckoning         Tloc           0%         N/A       100%        2
 Momentum Strike          Conj/Tloc      0%         3d8       100%        2
 Passwall                 Tmut/Erth      0%         N/A       100%        2
 Poisonous Vapours        Pois/Air       0%         N/A       100%        2
 Searing Ray              Conj           0%         2d4       100%        2
 Sublimation of Blood     Necr           0%         N/A       100%        2
 Call Canine Familiar     Summ           0%         N/A       100%        3
 Confusing Touch          Hex            0%         N/A       100%        3
 Dazzling Flash           Conj/Hex       0%         N/A       100%        3
 Frozen Ramparts          Ice            0%         1d1       100%        3
 Hailstorm                Conj/Ice       0%         3d3       100%        3
 Ignite Poison            Fire/Tmut/Pois 0%         N/A       100%        3
 Inner Flame              Hex/Fire       0%         N/A       100%        3
 Mephitic Cloud           Conj/Pois/Air  0%         N/A       100%        3
 Portal Projectile        Hex/Tloc       0%         N/A       100%        3
 Spider Form              Tmut/Pois      0%         N/A       100%        3
 Stone Arrow              Conj/Erth      0%         3d7       100%        3
 Summon Guardian Golem    Hex/Summ       0%         N/A       100%        3
 Swiftness                Air            0%         N/A       100%        3
 Tukima's Dance           Hex            0%         N/A       100%        3
 Vampiric Draining        Necr           0%         2d6       100%        3
 Volatile Blastmotes      Fire/Tloc      0%         2d10      100%        3
 Airstrike                Air            0%         2d(0-16)  100%        4
 Anguish                  Hex/Necr       0%         N/A       100%        4
 Animate Armour           Summ/Erth      0%         N/A       100%        4
 Animate Dead             Necr           0%         N/A       100%        4
 Cause Fear               Hex            0%         N/A       100%        4
 Dispel Undead            Necr           0%         3d6       100%        4
 Fulminant Prism          Conj/Hex       0%         3d5       100%        4
 Ice Form                 Ice/Tmut       0%         N/A       100%        4
 Iskenderun's Mystic Bla  Conj/Tloc      0%         2d3       100%        4
 Leda's Liquefaction      Hex/Erth       0%         N/A       100%        4
 Manifold Assault         Tloc           0%         N/A       100%        4
 Passage of Golubria      Tloc           0%         N/A       100%        4
 Petrify                  Tmut/Erth      0%         N/A       100%        4
 Summon Ice Beast         Ice/Summ       0%         N/A       100%        4
 Alistair's Intoxication  Tmut/Pois      0%         N/A       100%        5
 Arcjolt                  Conj/Air       0%         1d10      100%        5
 Borgnjor's Vile Clutch   Necr/Erth      0%         N/A       100%        5
 Fireball                 Conj/Fire      0%         3d3       100%        5
 Iskenderun's Battlesphe  Conj           0%         2d6       100%        5
 Lee's Rapid Deconstruct  Erth           0%         3d4*      100%        5
 Summon Forest            Summ/Tloc      0%         N/A       100%        5
 Summon Mana Viper        Hex/Summ       0%         N/A       100%        5
 Yara's Violent Unravell  Hex/Tmut       0%         3d3       100%        5
 Conjure Ball Lightning   Conj/Air       0%         3x3d6     100%        6
 Death Channel            Necr           0%         N/A       100%        6
 Dispersal                Tloc           0%         N/A       100%        6
 Iron Shot                Conj/Erth      0%         9d1       100%        6
 Plasma Beam              Fire/Air       0%         2x1d11    100%        6
 Simulacrum               Ice/Necr       0%         N/A       100%        6
 Starburst                Conj/Fire      0%         6d3       100%        6
 Statue Form              Tmut/Erth      0%         N/A       100%        6
 Enfeeble                 Hex            0%         N/A       100%        7
 Monstrous Menagerie      Summ           0%         N/A       100%        7
 Orb of Destruction       Conj           0%         9d5       100%        7
 Spellforged Servitor     Conj/Summ      0%         N/A       100%        7
 Storm Form               Tmut/Air       0%         N/A       100%        7
 Borgnjor's Revivificati  Necr           0%         N/A       100%        8
 Discord                  Hex            0%         N/A       100%        8
 Disjunction              Tloc           0%         N/A       100%        8
 Lehudib's Crystal Spear  Conj/Erth      0%         10d2      100%        8
 Necromutation            Tmut/Necr      0%         N/A       100%        8
 Chain Lightning          Conj/Air       0%         N/A       100%        9
 Death's Door             Necr           0%         N/A       100%        9


Dungeon Overview and Level Annotations

Branches:
Dungeon (15/15)            Temple (1/1) D:5            Lair (5/5) D:10
  Swamp (4/4) Lair:3       Spider (4/4) Lair:2        Slime (5/5) Lair:4
    Orc (2/2) D:9             Elf (3/3) Orc:2        Vaults (5/5) D:14
  Crypt (3/3) Vaults:2       Tomb (1/3) Crypt:3      Depths (4/4) D:15
   Hell (visited)             Zot (5/5) Depths:4      IceCv (visited)
 WizLab (visited)         Gauntlet (visited)
    Dis: Hell:1         Geh: Hell:1         Coc: Hell:1         Tar: Hell:1

Altars:
Ashenzari
Cheibriados
Dithmenos
Elyvilon
Fedhas
Gozag
Hepliaklqana
Kikubaaqudgha
Makhleb
Nemelex Xobeh
Okawaru
Qazlal
Ru
Sif Muna
Trog
Uskayaw
Vehumet
Wu Jian
Xom
Yredelemnul
Zin
The Shining One
Jiyva

Shops:
D:8 !   D:12 !*!*?:   Orc:2 :(*[   Elf:3 :   Vaults:2 *   Depths:1 *
Depths:2 =

Portals:
Hell: Depths:1 Depths:2 Depths:3 Depths:4
Abyss: Vaults:4 Depths:3
Pandemonium: Depths:2
Ziggurat: Depths:3
Trove: D:10 (give +3 gold dragon scales)

Annotations:
Slime:5 Royal Jelly
Depths:4 2 runed translucent doors, Olanal's ghost, veteran AtFi
Hell Geryon


Innate Abilities, Weirdness & Mutations

You have a pair of horns on your head.
You reflexively headbutt those who attack you in melee.
You are partially covered in large bone plates. (SH +4)
Your body often deteriorates upon taking damage.
Your system is resistant to poisons. (rPois)
You are covered in fur. (AC +1)
You expend magic power (3 MP) to strengthen your wands.
[You have an uncontrollable temper.]
[You are very clumsy. (Dex -4)]
[You are dopey. (Int -2)]
[You are frail. (-10% HP)]
[Your magical capacity is extremely low. (-30% MP)]
[You frequently scream uncontrollably at your foes.]
[You do not regenerate when monsters are visible.]
[((You are occasionally teleported next to monsters.))]
[You are very weak. (Str -4)]
[Potions are less effective at restoring your health.]
[You are vulnerable to cold. (rC-)]
[You are vulnerable to heat. (rF-)]
[Your spells are much easier to cast, but much less powerful.]
[You occasionally lose the ability to drink potions when taking damage.]
[You occasionally lose the ability to read scrolls when taking damage.]


Message History

The starspawn tentacle is heavily damaged.
You destroy the starspawn tentacle!
You hear a horrible gurgling sound! x2; You hear a roar!
You hear a shout!
The bog body disappears in a puff of smoke!
The goliath frog hits you!
* * * LOW HITPOINT WARNING * * *
The acid corrodes you!
You are splashed with acid!
* * * LOW HITPOINT WARNING * * *
The worldbinder closely misses you. You block the worldbinder's attack.
The tentacled starspawn bites you.
* * * LOW HITPOINT WARNING * * *
You block the tentacled starspawn's attack.
The starspawn tentacle grabs you. The starspawn tentacle constricts you.
The worldbinder calls forth creatures from the Swamp!
The goliath frog hits you.
* * * LOW HITPOINT WARNING * * *
You are splashed with acid!
* * * LOW HITPOINT WARNING * * *
The raiju bursts into living lightning!
The living lightning hits you.
* * * LOW HITPOINT WARNING * * *
The raiju blinks!
A tentacle flies out from the starspawn's body!
The starspawn tentacle constricts you.
A starspawn tentacle comes into view.
Your system partially rejects the healing.
You feel much better.
The goliath frog disappears in a puff of smoke!
The worldbinder calls forth creatures from the Swamp!
Your daeva calls down the wrath of the Shining One upon the worldbinder.
The worldbinder is smitten.
The worldbinder is destroyed!
The bog body disappears in a puff of smoke! x4
The tentacled starspawn bites you!!
* * * LOW HITPOINT WARNING * * *
The tentacled starspawn tentacle-slaps you but does no damage.
The starspawn tentacle constricts you. The smoke demon gestures at you.
Something smites you!
You die...

.......#.. . .
.......... ...._
...3..... .. ....
.h...... . #
#...###.....# . ~
.#.....#.....## .. ~ ~
.........ww...#... ~
≈.........@X....... .
~≈~.~....§§A.§...§. #
~≈♣~~~≈~~~§§~§≈~.§♣
#..~~~~~~≈≈~~~~§§≈~~~~
..#...§.#.....###.. .
...............#...
.................. .
.......... ....... ..#
....#........ .


You could see a tentacled starspawn (ally target), a smoke demon, a raiju, 2
starspawn tentacles and a friendly daeva (summoned, misshapen).

Vanquished Creatures
  8 dread liches
  2 ancient liches
  Khufu (Crypt:3)
  Mara (Vaults:4)
  4 orbs of fire
  2 juggernauts
  Sojobo (Crypt:3)
  Boris (5 times) (Vaults:3 Depths:1 Depths:2 Depths:4 Crypt:2)
  Josephina (Zot:2)
  The ghost of a3don the Warrior, a veteran DrIE of Gozag (Vaults:4)
  Vv (Depths:1)
  Saint Roka (Vaults:3)
  Frederick (Vaults:3)
  A caustic shrike (Depths:2)
  4 Killer Klowns (Zot:5)
  A curse toe (Zot:5)
  18 golden dragons
  Jory (Vaults:3)
  3 bone dragons (Abyss:3)
  3 electric golems
  A shard shrike zombie (Crypt:1)
  30 tentacled monstrosities
  A hellephant (Vaults:4)
  Zenata (Vaults:1)
  7 liches
  2 Hell Sentinels (Abyss:3)
  5 deep elf blademasters
  A walking earthen tome (Depths:4)
  A walking divine tome (Depths:2)
  4 titans
  3 deep elf master archers
  25 Orb Guardians (Zot:5)
  12 quicksilver dragons
  11 ancient champions
  3 walking frostbound tomes
  12 death cobs
  5 sphinxes
  17 tentacled starspawn
  9 tengu reavers
  Kirke (Swamp:2)
  16 shadow dragons
  The ghost of Jufurghi the Alchemist, an adept OpTm of Gozag (Spider:2)
  11 storm dragons
  8 revenants
  A daeva (Abyss:3)
  6 draconian monks
  6 draconian knights
  An azure jelly (D:14)
  17 vault wardens
  Aizul (Depths:2)
  4 great orbs of eyes
  10 deep elf sorcerers
  A juggernaut zombie (Crypt:3)
  10 fire giants
  4 draconian scorchers
  3 emperor scorpions
  5 frost giants
  5 spectral caustic shrikes (Depths:2)
  3 spriggan defenders (Depths:2)
  A caustic shrike zombie (Crypt:3)
  3 deep elf elementalists (Elf:3)
  2 ghouls
  5 draconian shifters
  4 orc warlords
  10 ghost moths
  An angel (Abyss:3)
  4 draconian stormcallers
  18 ironbound preservers
  A cacodemon (Depths:1)
  5 curse skulls
  2 draconian annihilators
  A war gargoyle (Vaults:5)
  A caustic shrike skeleton (Crypt:2)
  13 stone giants
  4 reapers
  The ghost of Gesaczie the Severer, a journeyman MiFi of Ru (Lair:3)
  2 broodmothers
  2 quicksilver oozes (Depths:3)
  6 ironbound thunderhulks
  15 very ugly things
  3 vampire knights
  12 black draconians
  8 green draconians
  A minotaur (Gauntlet)
  7 deep elf demonologists
  2 bunyips
  7 deep elf annihilators
  5 halazid warlocks (WizLab)
  7 white draconians
  2 bennus (Tomb:1)
  20 red draconians
  21 dire elephants
  18 spark wasps
  19 purple draconians
  9 yellow draconians
  2 eleionomae
  3 crystal guardians
  5 eidola
  6 mummy priests
  16 ettins
  5 deep elf death magi
  2 shambling mangroves
  4 quicksilver dragon zombies
  5 fire dragons
  10 yaktaur captains
  8 entropy weavers
  5 deep elf high priests
  4 rakshasas
  9 jiangshi
  5 spriggan zombies
  A fenstrider witch zombie (Abyss:3)
  Fannar (D:10)
  30 vault guards
  6 ice dragons
  2 peacekeepers (Vaults:1)
  22 hydras
  A catoblepas (Lair:4)
  12 alligators
  3 ghost crabs
  5 radroaches
  2 death knights (Crypt:2)
  4 ironbound frosthearts
  A hell beast (Gauntlet)
  A jorogumo (Spider:2)
  5 boulder beetles
  The ghost of Dittersdorf the Fighter, a journeyman GrFi of Okawaru (D:10)
  A spriggan skeleton (Abyss:3)
  3 tengu warriors
  3 death yaks
  6 two-headed ogres
  23 dancing weapons
  2 deep troll shamans
  11 centaur warriors
  11 death scarabs (Tomb:1)
  4 orc high priests
  4 deep troll earth magi
  10 vampire magi
  11 thrashing horrors
  4 titan zombies
  A glowing orange brain (Vaults:2)
  7 hell knights
  3 sun demons
  5 spriggan berserkers
  2 sixfirhies
  3 spectral death yaks
  2 soul eaters
  12 wretched stars
  4 titan skeletons
  A skyshark (Lair:2)
  21 deep elf knights
  11 shadow wraiths
  4 pharaoh ants
  33 skeletal warriors
  A sun moth (Spider:4)
  2 iron trolls (Depths:4)
  4 goliath frogs
  3 spatial maelstroms (Abyss:3)
  A bunyip zombie (Crypt:3)
  A spectral anaconda (Lair:5)
  68 deep trolls
  2 orb spiders (Spider:4)
  15 flayed ghosts
  8 spriggan druids
  3 bunyip skeletons
  11 ironbound convokers
  11 deep elf archers
  15 swamp dragons
  An iron giant skeleton (Crypt:3)
  7 spriggan simulacra (IceCv)
  4 wizards
  9 bog bodies
  An obsidian statue (Lair:5)
  6 steelbarb worms
  7 lindwurms
  18 deep elf pyromancers
  12 phantasmal warriors
  A spectral wolf spider (WizLab)
  21 deep elf zephyrmancers
  19 wolf spiders
  A shadow dragon zombie (D:15)
  2 sphinx zombies
  13 orc knights
  Pikel (D:8)
  47 starcursed masses
  An iron dragon zombie (Crypt:3)
  15 necromancers
  2 anaconda skeletons
  6 orc sorcerers
  3 stone giant zombies
  A fire giant zombie (Depths:2)
  24 ugly things
  5 draconians
  A sphinx skeleton (Vaults:4)
  A frost giant zombie (Vaults:4)
  3 worldbinders (Abyss:3)
  4 cyclopes
  2 manticores
  2 spectral spriggans (WizLab)
  3 shining eyes
  34 moths of wrath
  A stone giant skeleton (Crypt:3)
  3 black mambas
  A centaur zombie (Crypt:1)
  2 ice statues (Elf:1)
  A salamander (Depths:3)
  A naga zombie (Crypt:3)
  A titan simulacrum (Abyss:3)
  10 elephants (Lair:5)
  5 torpor snails
  3 apocalypse crabs
  An elf zombie (Vaults:4)
  A frost giant skeleton (Crypt:3)
  A rust devil (Depths:2)
  A dire elephant zombie (Crypt:3)
  8 cane toads
  17 vault sentinels
  A black mamba (shapeshifter) (Elf:1)
  5 demonic crawlers
  A cane toad (shapeshifter) (D:14)
  6 smoke demons
  2 gargoyles (D:12)
  41 yaktaurs
  An eye of devastation (D:14)
  2 naga skeletons
  Maggie (D:6)
  A dire elephant skeleton (Crypt:3)
  2 unseen horrors
  A redback zombie (Crypt:1)
  2 minotaur zombies (Gauntlet)
  An efreet (D:15)
  7 freezing wraiths
  4 rime drakes
  2 hellions
  A swamp worm zombie (Crypt:3)
  3 tengu conjurers
  7 komodo dragons
  11 ancient zymes
  12 ice devils
  A tormentor (Abyss:3)
  An anaconda simulacrum (IceCv)
  A golden dragon simulacrum (Depths:2)
  A mana viper zombie (Crypt:3)
  A hydra zombie (Crypt:3)
  10 guardian mummies
  5 meliai
  2 trolls
  A jumping spider zombie (Crypt:3)
  3 hellwings
  4 slime creatures
  8 hornets
  2 polar bears
  9 tyrant leeches
  20 tarantellas
  2 draconian simulacra (Zot:3)
  22 raiju
  An ice dragon zombie (Crypt:2)
  2 spectral elephants
  11 blink frogs
  A guardian serpent zombie (Crypt:1)
  A radroach zombie (Crypt:2)
  A harpy skeleton (Abyss:3)
  5 dream sheep (Lair:4)
  32 jumping spiders
  Sigmund (D:6)
  5 air elementals
  2 ettin skeletons
  5 water elementals
  A shadow (D:9)
  13 culicivoras
  20 flying skulls
  A vampire (D:12)
  10 wraiths
  5 ynoxinuls
  8 spriggans
  61 yaks
  2 spectral komodo dragons (Lair:3)
  Eustachio (D:4)
  A hog (Swamp:2)
  3 dire elephant simulacra
  2 fire elementals
  A hog (shapeshifter) (Elf:3)
  A black mamba skeleton (Crypt:1)
  3 ushabtiu
  22 large abominations
  A basilisk (Lair:5)
  A redback (shapeshifter) (Vaults:5)
  6 neqoxecs
  5 minotaur simulacra (IceCv)
  58 redbacks
  7 chaos spawn
  2 spatial vortices (Abyss:3)
  2 steam dragons (D:8)
  A harpy simulacrum (IceCv)
  Grum (Lair:1)
  15 vampire mosquitoes
  12 swamp worms
  A cane toad zombie (Crypt:1)
  2 acid dragons
  3 wargs
  2 hydra simulacra
  A floating eye (Depths:3)
  12 water moccasins
  3 hell hounds
  2 sky beasts
  A water nymph skeleton (Crypt:3)
  10 swamp drakes
  2 black bears
  A moth of wrath simulacrum (Zot:3)
  An alligator simulacrum (IceCv)
  4 ice beasts
  36 orc warriors
  A black mamba simulacrum (Lair:3)
  5 boggarts
  4 ogres
  An elephant zombie (Lair:5)
  2 elephant skeletons
  A swamp dragon skeleton (Crypt:3)
  A hog zombie (Crypt:2)
  20 wolves
  A rime drake skeleton (Crypt:2)
  Blork the orc (D:4)
  9 bullfrogs
  2 kobold brigands
  6 deep troll simulacra (IceCv)
  3 gnoll sergeants
  A necrophage (Crypt:3)
  A scorpion (D:5)
  6 earth elementals
  A draconian skeleton (Crypt:3)
  13 wights
  A wyvern skeleton (Crypt:3)
  16 small abominations
  A shapeshifter zombie (Crypt:2)
  An elephant simulacrum (Lair:5)
  9 killer bees
  7 electric eels
  9 howler monkeys
  5 lava snakes (Lair:1)
  2 quasits (Abyss:3)
  15 orc priests
  2 gnoll boudas
  7 hounds
  100 jellies
  2 sleepcaps (D:6)
  2 iron imps (Abyss:3)
  Ijyb (D:3)
  Terence (D:3)
  Natasha (thrice) (D:4)
  5 iguanas
  17 orc wizards
  21 mummies
  3 adders
  28 gnolls
  A swamp drake skeleton (Crypt:1)
  A steam dragon skeleton (Crypt:1)
  3 white imps
  5 ufetubi
  3 worms
  2 dart slugs
  81 orcs
  7 ball pythons
  5 endoplasms
  A giant cockroach (D:4)
  5 hobgoblins
  2 jackals (D:2)
  14 kobolds
  5 quokkas
  A river rat zombie (Crypt:1)
  4 bats
  A frilled lizard (D:1)
  A gnoll skeleton (Crypt:2)
  6 goblins
  An orc zombie (Crypt:1)
  5 rats
  A butterfly (Lair:5)
  2 lurking horrors (Abyss:3)
  15 starspawn tentacles (Abyss:3)
2563 creatures vanquished.

Vanquished Creatures (collateral kills)
  2 royal mummies (Tomb:1)
  Bai Suzhen (Vaults:3)
  2 profane servitors (Crypt:3)
  3 sphinxes (Tomb:1)
  A draconian knight (Zot:2)
  A black draconian (Zot:2)
  2 mummy priests (Tomb:1)
  A jiangshi (Crypt:3)
  A crystal guardian (Vaults:1)
  A vault guard (Vaults:1)
  4 death scarabs (Tomb:1)
  A glowing orange brain (Tomb:1)
  2 worldbinders (Abyss:3)
  A shining eye (Tomb:1)
  3 guardian mummies (Tomb:1)
  A large abomination (Abyss:3)
  A jelly (Zot:2)
  An iron imp (Abyss:3)
  3 mummies (Tomb:1)
  A white imp (Abyss:3)
33 creatures vanquished.

Vanquished Creatures (others)
  A tentacled starspawn (Abyss:3)
  An azure jelly (Zot:1)
  A fire giant (Depths:2)
  A draconian shifter (Zot:5)
  A deep elf annihilator (Elf:3)
  A yaktaur captain (Vaults:4)
  7 great orbs of eyes
  A great orb of eyes (shapeshifter) (Depths:2)
  A centaur warrior (D:14)
  A hydra (Swamp:2)
  A jorogumo (shapeshifter) (Depths:2)
  An ogre mage (Vaults:5)
  A thrashing horror (Vaults:4)
  A deep troll earth mage (Depths:2)
  A shock serpent (shapeshifter) (Vaults:5)
  3 glowing orange brains
  A swamp dragon (shapeshifter) (Vaults:5)
  2 ironbound convokers (Vaults:4)
  A wizard (Vaults:1)
  2 deep elf zephyrmancers
  A deep elf pyromancer (Elf:1)
  An elephant (shapeshifter) (Depths:3)
  A moth of wrath (Zot:2)
  An eye of devastation (shapeshifter) (Vaults:4)
  2 storm dragon simulacra (Zot:3)
  2 eyes of devastation (Abyss:3)
  4 yaktaurs
  A tengu conjurer (Depths:2)
  A hornet (Swamp:1)
  A tyrant leech (shapeshifter) (Depths:2)
  A raiju (Abyss:3)
  A tarantella (shapeshifter) (Vaults:4)
  12 slime creatures
  A slime creature (shapeshifter) (Abyss:1)
  3 flying skulls (WizLab)
  A spriggan (Swamp:1)
  A human (shapeshifter) (Vaults:5)
  2 golden eyes (Abyss:3)
  3 humans (Swamp:2)
  A chaos spawn (Abyss:1)
  3 vampire mosquitoes (D:12)
  A floating eye (Depths:4)
  2 water moccasins (Lair:5)
  A small abomination (Abyss:3)
  3 centaurs (D:14)
  247 jellies
  3 orc priests (Orc:2)
  3 orc wizards
  9 orcs
  A butterfly (Lair:5)
  9 demonic plants (Abyss:3)
  62 fungi
  2 lurking horrors (Abyss:3)
  84 plants
  38 starspawn tentacles
  33 withered plants
572 creatures vanquished.

Grand Total: 3168 creatures vanquished

Notes
Turn   | Place    | Note
-------+----------+-------------------------------------------
     0 | D:1      | snarfax the Minotaur Gladiator began the quest for the Orb.
     0 | D:1      | Reached XP level 1. HP: 18/18 MP: 0/0
   211 | D:1      | Reached XP level 2. HP: 25/25 MP: 1/1
   968 | D:2      | Reached XP level 3. HP: 31/31 MP: 2/2
  1174 | D:2      | Reached skill level 5 in Polearms
  1368 | D:3      | Reached XP level 4. HP: 35/39 MP: 3/3
  1401 | D:3      | Noticed Ijyb
  1435 | D:3      | Killed Ijyb
  1564 | D:3      | Noticed Terence
  1578 | D:3      | Killed Terence
  1579 | D:3      | Reached XP level 5. HP: 31/46 MP: 4/4
  1688 | D:3      | Identified the +6 hand axe of Pandemonium {freeze, rCorr
                  | Dex+5 Stlth-}
  1707 | D:3      | Found a snail-covered altar of Cheibriados.
  1883 | D:4      | Noticed Natasha
  1887 | D:4      | Killed Natasha
  1887 | D:4      | Noticed Natasha
  1891 | D:4      | Killed Natasha
  1951 | D:4      | Noticed Blork the orc
  1953 | D:4      | Noticed Eustachio
  1972 | D:4      | Reached XP level 6. HP: 30/53 MP: 5/5
  1979 | D:4      | Killed Blork the orc
  1980 | D:4      | Reached skill level 5 in Fighting
  2002 | D:4      | Killed Eustachio
  2002 | D:4      | Noticed Natasha
  2009 | D:4      | Killed Natasha
  2010 | D:4      | Reached XP level 7. HP: 21/61 MP: 6/6
  2836 | D:5      | Entered Level 5 of the Dungeon
  2842 | D:5      | Found a basalt altar of Yredelemnul.
  3127 | D:5      | Reached XP level 8. HP: 68/71 MP: 7/7
  3340 | D:5      | Reached skill level 10 in Polearms
  3511 | D:5      | Found a staircase to the Ecumenical Temple.
  3524 | Temple   | Entered the Ecumenical Temple
  4378 | D:6      | Noticed Sigmund
  4402 | D:6      | Killed Sigmund
  4681 | D:6      | Reached XP level 9. HP: 82/82 MP: 8/8
  4688 | D:6      | Noticed Maggie
  4693 | D:6      | Killed Maggie
  5048 | D:7      | Found a bloodstained altar of Trog.
  5129 | D:7      | Identified the +1 leather armour of Nedul {+Blink rC++
                  | Str-3}
  5280 | D:7      | Reached skill level 1 in Armour
  6545 | D:8      | Reached skill level 10 in Fighting
  6578 | D:8      | Reached XP level 10. HP: 52/94 MP: 9/9
  6993 | D:8      | Noticed Pikel
  7004 | D:8      | Killed Pikel
  7005 | D:8      | Reached skill level 5 in Armour
  7096 | D:8      | Found Oghexuv's Distillery.
  7107 | D:8      | Bought a potion of flight for 36 gold pieces
  7107 | D:8      | Bought a potion of might for 48 gold pieces
  7107 | D:8      | Bought a potion of might for 48 gold pieces
  7107 | D:8      | Bought a potion of heal wounds for 60 gold pieces
  7107 | D:8      | Bought a potion of haste for 120 gold pieces
  7555 | D:9      | Identified a scroll of acquirement
  7555 | D:9      | Acquired a +4 demon trident of venom
  7777 | D:9      | Reached skill level 15 in Polearms
  7925 | D:9      | Found a blossoming altar of Fedhas.
  7928 | D:9      | Found an iron altar of Okawaru.
  7931 | D:9      | Found a sparkling altar of Nemelex Xobeh.
  7934 | D:9      | Found a burning altar of Makhleb.
  7962 | D:9      | Noticed a two-headed ogre
  7965 | D:9      | Killed a two-headed ogre
  8272 | D:9      | Reached XP level 11. HP: 104/104 MP: 10/10
  8332 | D:9      | Found a staircase to the Orcish Mines.
  8468 | D:10     | Entered Level 10 of the Dungeon
  8468 | D:10     | Found a white marble altar of Elyvilon.
  8621 | D:10     | Found a staircase to the Lair.
  8649 | D:10     | Noticed a two-headed ogre
  8680 | D:10     | Killed a two-headed ogre
  9000 | D:10     | Noticed Fannar
  9024 | D:10     | Killed Fannar
  9173 | D:10     | Found an ornate altar of the Wu Jian Council.
  9173 | D:10     | Noticed a two-headed ogre
  9194 | D:10     | Killed a two-headed ogre
  9320 | D:10     | Found a runed translucent gate.
  9320 | D:10     | Found a runed translucent gate.
  9321 | D:10     | Found a runed translucent gate.
  9322 | D:10     | Noticed Dittersdorf's ghost (journeyman GrFi)
  9379 | D:10     | Found a broken altar of Ashenzari.
  9731 | D:10     | Found a portal to a secret trove of treasure.
  9803 | Lair:1   | Entered Level 1 of the Lair of Beasts
  9955 | Lair:1   | Noticed Grum
  9969 | Lair:1   | Killed Grum
 11445 | Lair:2   | Reached XP level 12. HP: 118/118 MP: 11/11
 11485 | Lair:2   | Noticed a death yak
 11492 | Lair:2   | Noticed a death yak
 11501 | Lair:2   | Killed a death yak
 11503 | Lair:2   | Reached skill level 15 in Fighting
 11512 | Lair:2   | Killed a death yak
 11749 | Lair:2   | Reached skill level 5 in Dodging
 11852 | Lair:2   | Found a hole to the Spider Nest.
 12086 | Lair:2   | Reached skill level 10 in Armour
 12528 | Lair:2   | Noticed a five-headed hydra
 12536 | Lair:2   | Killed a five-headed hydra
 13057 | Lair:4   | Reached skill level 1 in Shields
 13085 | Lair:4   | Noticed a five-headed hydra
 13108 | Lair:4   | Killed a five-headed hydra
 13498 | Lair:4   | Found a viscous altar of Jiyva.
 13500 | Lair:4   | Identified the ring "Tyicuaj" {rC- MP+9 Str+6}
 13505 | Lair:4   | Found a staircase to the Slime Pits.
 13513 | Lair:4   | Became a worshipper of Jiyva Jouma the Shapeless
 13823 | Lair:4   | Reached skill level 5 in Shields
 13884 | Lair:4   | Noticed a catoblepas
 13891 | Lair:4   | Killed a catoblepas
 13892 | Lair:4   | Reached XP level 13. HP: 133/133 MP: 12/12
 14237 | Slime:1  | Entered Level 1 of the Pits of Slime
 14237 | Slime:1  | Noticed an acid blob
 14237 | Slime:1  | Noticed an acid blob
 14268 | Slime:1  | Noticed a quicksilver ooze
 14287 | Slime:1  | Noticed an acid blob
 14292 | Slime:1  | Noticed a rockslime
 14419 | Slime:2  | Noticed an acid blob
 14425 | Slime:2  | Noticed a quicksilver ooze
 14427 | Slime:2  | Noticed an azure jelly
 14428 | Slime:2  | Noticed a quicksilver ooze
 14501 | Slime:1  | Noticed an azure jelly
 14502 | Slime:1  | Noticed a rockslime
 14616 | Slime:3  | Noticed a quicksilver ooze
 14619 | Slime:3  | Noticed an acid blob
 14654 | Slime:3  | Noticed an azure jelly
 14666 | Slime:3  | Noticed an azure jelly
 14715 | Slime:4  | Noticed a quicksilver ooze
 14715 | Slime:4  | Noticed an azure jelly
 14828 | Slime:2  | Noticed a quicksilver ooze
 14899 | Slime:5  | Entered Level 5 of the Pits of Slime
 14941 | Slime:5  | Noticed an acid blob
 14948 | Slime:5  | Noticed an acid blob
 14969 | Slime:5  | Noticed an azure jelly
 14985 | Slime:5  | Noticed an acid blob
 14991 | Slime:5  | Noticed a quicksilver ooze
 14994 | Slime:5  | Noticed an acid blob
 14999 | Slime:5  | Noticed an acid blob
 15009 | Slime:5  | Noticed a quicksilver ooze
 15018 | Slime:5  | Noticed the Royal Jelly
 15026 | Slime:5  | Noticed a quicksilver ooze
 15028 | Slime:5  | Noticed a rockslime
 15039 | Slime:5  | Noticed an acid blob
 15068 | Slime:5  | Noticed an azure jelly
 15093 | Slime:5  | Found a viscous altar of Jiyva.
 15193 | Slime:4  | Noticed an acid blob
 15194 | Slime:4  | Noticed a quicksilver ooze
 15195 | Slime:4  | Noticed a rockslime
 15319 | Slime:4  | Noticed an acid blob
 15445 | Slime:3  | Noticed a rockslime
 15446 | Slime:3  | Noticed an acid blob
 15448 | Slime:3  | Noticed a rockslime
 15457 | Slime:3  | Noticed an acid blob
 15458 | Slime:3  | Noticed a rockslime
 15492 | Slime:3  | Noticed an azure jelly
 15707 | Lair:5   | Entered Level 5 of the Lair of Beasts
 15843 | Lair:5   | Identified the +1 leather armour of the Sky {-Cast *Corrode
                  | rPois rC+++}
 16021 | Lair:5   | Reached * piety under Jiyva
 16388 | Lair:5   | Identified the amulet of Raperaips {Acrobat Harm}
 16455 | Lair:5   | Noticed a dire elephant
 16455 | Lair:5   | Noticed a dire elephant
 16455 | Lair:5   | Noticed a dire elephant
 16501 | Lair:5   | Reached ** piety under Jiyva
 16767 | Lair:5   | Killed a dire elephant
 17011 | Lair:5   | Got Eringya's Directory of the Different Panacea
 17048 | Lair:5   | Killed a dire elephant
 17114 | Lair:5   | Killed a dire elephant
 17199 | Lair:5   | Reached skill level 10 in Shields
 18059 | D:11     | Reached XP level 14. HP: 147/147 MP: 13/13
 18081 | D:11     | Reached *** piety under Jiyva
 18172 | D:11     | Gained mutation: You have large cloven feet. [Jiyva's
                  | grace]
 18172 | D:11     | Gained mutation: You have hoof-like feet. [Jiyva's grace]
 18172 | D:11     | Gained mutation: You have hooves in place of feet. [Jiyva's
                  | grace]
 18172 | D:11     | Gained mutation: You have a pair of large horns on your
                  | head. [Jiyva's grace]
 18375 | D:12     | Found Fualigec's Distillery.
 18435 | D:12     | Found Kejuf's Distillery.
 18475 | D:12     | Found Hunn's Magic Scroll Shoppe.
 18503 | D:12     | Found Namu's Book Emporium.
 18540 | D:12     | Found Baih Zea's Elemental Accessories.
 18583 | D:12     | Found a gate leading to a gauntlet.
 18586 | D:12     | Found a transporter.
 18590 | Gauntlet | Entered a Gauntlet
 18590 | Gauntlet | Found a transporter.
 18602 | Gauntlet | Found a transporter.
 18642 | Gauntlet | Found a transporter.
 18660 | Gauntlet | Found a transporter.
 18661 | Gauntlet | Found a transporter.
 18672 | Gauntlet | Found a transporter.
 18688 | Gauntlet | Reached **** piety under Jiyva
 18692 | Gauntlet | Noticed a balrug
 18695 | Gauntlet | Found a transporter.
 18709 | Gauntlet | Found a transporter.
 18804 | Gauntlet | Identified the ring "Hyuxif" {rC+ Int+2}
 18829 | Gauntlet | Identified the +1 cloak "Duchikiu" {*Slow rElec rN+ Dex+6}
 18837 | Gauntlet | Identified the +8 rapier of Insufficient Pleasure {heavy,
                  | *Rage Str+5 Dex+5}
 18933 | D:12     | Found a transporter.
 18933 | D:12     | Found Cati's General Store.
 19108 | D:12     | Bought a scroll of enchant weapon for 135 gold pieces
 19108 | D:12     | Bought a scroll of teleportation for 54 gold pieces
 19108 | D:12     | Bought a scroll of enchant armour for 135 gold pieces
 19108 | D:12     | Bought a scroll of blinking for 135 gold pieces
 19716 | D:13     | Identified the +9 hand axe of Theory {drain, Will- Int+7}
 19804 | D:13     | Reached ***** piety under Jiyva
 20125 | D:14     | Found a gate to the Vaults.
 20759 | D:14     | Lost mutation: You have hooves in place of feet. [Jiyva's
                  | grace]
 20759 | D:14     | Gained mutation: You have a somewhat thin skeletal
                  | structure. (Dex +2, Stealth+) [Jiyva's grace]
 20759 | D:14     | Gained mutation: You have a moderately thin skeletal
                  | structure. (Dex +4, Stealth++) [Jiyva's grace]
 20759 | D:14     | Gained mutation: You have an unnaturally thin skeletal
                  | structure. (Dex +6, Stealth+++) [Jiyva's grace]
 20759 | D:14     | Gained mutation: Your spells are a little harder to cast,
                  | but a little more powerful. [Jiyva's grace]
 21002 | D:15     | Entered Level 15 of the Dungeon
 21056 | D:15     | Reached ****** piety under Jiyva
 21265 | D:15     | Found a staircase to the Depths.
 21621 | D:15     | Reached XP level 15. HP: 153/163 MP: 14/14
 21939 | Orc:1    | Entered Level 1 of the Orcish Mines
 21988 | Orc:1    | You fall into a shaft and drop 1 floor!
 21988 | Orc:2    | Entered Level 2 of the Orcish Mines
 22074 | Orc:2    | Reached skill level 1 in Stealth
 22470 | Orc:2    | Found Kyuptynt's General Store.
 22475 | Orc:2    | Found Fough's Antique Armour Shop.
 22475 | Orc:2    | Found Obeps's Antique Weapon Shop.
 22476 | Orc:2    | Found Xappuf Yri's Book Boutique.
 22567 | Orc:2    | Gained mutation: You passively map a small area around you.
                  | [Jiyva's grace]
 22567 | Orc:2    | Gained mutation: You passively map the area around you.
                  | [Jiyva's grace]
 22567 | Orc:2    | Gained mutation: You passively map a large area around you.
                  | [Jiyva's grace]
 22567 | Orc:2    | Gained mutation: Your natural rate of healing is unusually
                  | fast. [Jiyva's grace]
 22774 | Orc:2    | Found a staircase to the Elven Halls.
 23531 | Slime:5  | Identified the ring of Levity {rPois rC+ Stlth+}
 23554 | Slime:5  | Identified the ring of the Postmodern Seers {Wiz Drain
                  | rC+++ Dex+5 SInv}
 23556 | Slime:5  | Got a slimy rune of Zot
 23562 | Slime:5  | Identified the +8 plate armour of Kekkenu {Regen+}
 23574 | Slime:5  | Identified the staff of cold "Nova Weck" {+Blink rElec rC+
                  | Stlth-}
 23576 | Slime:5  | Identified the +0 cloak "Qoze" {Str+2}
 23588 | Slime:5  | Identified the +8 falchion of Causality {freeze, Dex+3}
 23591 | Slime:5  | Identified the +3 war axe of Flawed Execution {spect, *Slow
                  | rElec rC+++ SInv}
 23610 | Slime:5  | Got Wizarding and You
 23727 | Spider:1 | Entered Level 1 of the Spider Nest
 23852 | Slime:5  | Identified the +0 glaive of Premature Burial {protect,
                  | rPois rF+++}
 24059 | Spider:1 | Noticed an emperor scorpion
 24093 | Lair:2   | Killed an emperor scorpion
 24709 | Spider:2 | Noticed an emperor scorpion
 24719 | Spider:2 | Killed an emperor scorpion
 24720 | Spider:2 | Reached skill level 5 in Stealth
 24951 | Spider:2 | Found a runed translucent gate.
 24951 | Spider:2 | Found a runed translucent gate.
 24951 | Spider:2 | Found a runed translucent gate.
 24954 | Spider:2 | Noticed Jufurghi's ghost (adept OpTm)
 25008 | Spider:2 | Lost mutation: You passively map a large area around you.
                  | [Jiyva's grace]
 25008 | Spider:2 | Gained mutation: Your spells are harder to cast, but more
                  | powerful. [Jiyva's grace]
 25008 | Spider:2 | Gained mutation: Your spells are much harder to cast, but
                  | much more powerful. [Jiyva's grace]
 25008 | Spider:2 | Gained mutation: You expend magic power (3 MP) to
                  | strengthen your wands. [Jiyva's grace]
 25008 | Spider:2 | Gained mutation: You are covered in slimy tendrils that may
                  | disarm your opponents. [Jiyva's grace]
 25868 | Spider:3 | Reached XP level 16. HP: 169/177 MP: 1/15
 26517 | Spider:4 | Entered Level 4 of the Spider Nest
 27433 | Spider:4 | Got a gossamer rune of Zot
 27705 | Spider:4 | Reached skill level 10 in Stealth
 28300 | Lair:3   | Lost mutation: You are covered in slimy tendrils that may
                  | disarm your opponents. [Jiyva's grace]
 28300 | Lair:3   | Lost mutation: You expend magic power (3 MP) to strengthen
                  | your wands. [Jiyva's grace]
 28300 | Lair:3   | Gained mutation: You possess an exceptional clarity of
                  | mind. [Jiyva's grace]
 28300 | Lair:3   | Gained mutation: You are covered in slimy tendrils that may
                  | disarm your opponents. [Jiyva's grace]
 28300 | Lair:3   | Gained mutation: You are somewhat resistant to further
                  | mutation. [Jiyva's grace]
 28300 | Lair:3   | Gained mutation: You are somewhat resistant to both further
                  | mutation and mutation removal. [Jiyva's grace]
 28724 | Lair:3   | Found a runed translucent gate.
 28724 | Lair:3   | Found a runed translucent gate.
 28724 | Lair:3   | Found a runed translucent gate.
 28725 | Lair:3   | Noticed Gesaczie's ghost (journeyman MiFi)
 28749 | Lair:3   | Killed Gesaczie's ghost
 28794 | Lair:3   | Found a staircase to the Swamp.
 28817 | Swamp:1  | Entered Level 1 of the Swamp
 29442 | Swamp:2  | Noticed Kirke
 29467 | Swamp:2  | Killed Kirke
 29468 | Swamp:2  | Reached XP level 17. HP: 163/190 MP: 16/16
 29786 | Swamp:3  | Lost mutation: You have hoof-like feet. [Jiyva's grace]
 29786 | Swamp:3  | Lost mutation: You have large cloven feet. [Jiyva's grace]
 29786 | Swamp:3  | Lost mutation: You have an unnaturally thin skeletal
                  | structure. (Dex +6, Stealth+++) [Jiyva's grace]
 29786 | Swamp:3  | Lost mutation: You are somewhat resistant to both further
                  | mutation and mutation removal. [Jiyva's grace]
 29786 | Swamp:3  | Lost mutation: Your natural rate of healing is unusually
                  | fast. [Jiyva's grace]
 29786 | Swamp:3  | Lost mutation: Your spells are much harder to cast, but
                  | much more powerful. [Jiyva's grace]
 29786 | Swamp:3  | Gained mutation: You are strong-willed. (Will+) [Jiyva's
                  | grace]
 29786 | Swamp:3  | Gained mutation: You are highly strong-willed. (Will++)
                  | [Jiyva's grace]
 29786 | Swamp:3  | Gained mutation: You are extremely strong-willed. (Will+++)
                  | [Jiyva's grace]
 29786 | Swamp:3  | Gained mutation: You are partially covered in iridescent
                  | scales. (AC +2) [Jiyva's grace]
 30192 | Swamp:3  | Reached skill level 27 in Fighting
 30281 | Swamp:4  | Entered Level 4 of the Swamp
 30660 | Swamp:4  | Paralysed by a hornet for 3 turns
 30680 | Swamp:4  | Got a decaying rune of Zot
 31203 | Vaults:1 | Entered Level 1 of the Vaults
 31746 | Vaults:1 | Reached XP level 18. HP: 200/200 MP: 17/17
 31938 | Vaults:1 | Noticed Zenata
 31948 | Vaults:1 | Killed Zenata
 32664 | Vaults:2 | Lost mutation: You are partially covered in iridescent
                  | scales. (AC +2) [Jiyva's grace]
 32664 | Vaults:2 | Lost mutation: You have a moderately thin skeletal
                  | structure. (Dex +4, Stealth++) [Jiyva's grace]
 32664 | Vaults:2 | Lost mutation: You are extremely strong-willed. (Will+++)
                  | [Jiyva's grace]
 32664 | Vaults:2 | Lost mutation: You are highly strong-willed. (Will++)
                  | [Jiyva's grace]
 32664 | Vaults:2 | Lost mutation: You are strong-willed. (Will+) [Jiyva's
                  | grace]
 32664 | Vaults:2 | Lost mutation: You passively map the area around you.
                  | [Jiyva's grace]
 32664 | Vaults:2 | Lost mutation: Your spells are harder to cast, but more
                  | powerful. [Jiyva's grace]
 32664 | Vaults:2 | Gained mutation: Your rubbery body absorbs attacks. (AC +1,
                  | EV +1) [Jiyva's grace]
 32664 | Vaults:2 | Gained mutation: Your pliable body absorbs attacks. (AC +2,
                  | EV +2) [Jiyva's grace]
 32664 | Vaults:2 | Gained mutation: Your gelatinous body deflects attacks. (AC
                  | +3, EV +3) [Jiyva's grace]
 32664 | Vaults:2 | Gained mutation: You have sharp toenails. [Jiyva's grace]
 32721 | Vaults:2 | Reached skill level 15 in Shields
 33137 | Vaults:2 | Found Loekh's Assorted Antiques.
 33302 | Vaults:2 | Found a staircase to the Crypt.
 33302 | Vaults:2 | Found an ancient bone altar of Kikubaaqudgha.
 33303 | Vaults:2 | Found a basalt altar of Yredelemnul.
 33770 | Vaults:3 | Noticed Bai Suzhen
 33789 | Vaults:3 | Killed Bai Suzhen
 33879 | Vaults:3 | Noticed Frederick
 33897 | Vaults:3 | Killed Frederick
 33942 | Vaults:3 | Reached skill level 15 in Stealth
 33942 | Vaults:3 | Reached XP level 19. HP: 197/207 MP: 16/18
 34029 | Vaults:3 | Lost mutation: You passively map a small area around you.
                  | [Jiyva's grace]
 34029 | Vaults:3 | Lost mutation: Your spells are a little harder to cast, but
                  | a little more powerful. [Jiyva's grace]
 34029 | Vaults:3 | Gained mutation: You have razor-sharp toenails. [Jiyva's
                  | grace]
 34029 | Vaults:3 | Gained mutation: You have claws for feet. [Jiyva's grace]
 34029 | Vaults:3 | Gained mutation: Your spells are a little harder to cast,
                  | but a little more powerful. [Jiyva's grace]
 34029 | Vaults:3 | Gained mutation: Your spells are harder to cast, but more
                  | powerful. [Jiyva's grace]
 34114 | Vaults:3 | Got the Compendium of Corpses
 34122 | Vaults:3 | Noticed Boris
 34134 | Vaults:3 | Killed Boris
 34343 | Vaults:3 | Noticed Saint Roka
 34344 | Vaults:3 | Paralysed by an orc sorcerer for 4 turns
 34409 | Vaults:3 | Noticed Jory
 34432 | Vaults:3 | Killed Jory
 34530 | Vaults:3 | Killed Saint Roka
 34913 | Vaults:3 | Identified the +6 arbalest "Danaq" {flame, rPois Int+2}
 34919 | Vaults:3 | Identified the +3 arbalest of Overwhelming Force {drain,
                  | Fragile Str+4}
 35238 | Vaults:4 | Found a transporter.
 35241 | Vaults:4 | Noticed a3don's ghost (veteran DrIE)
 35252 | Vaults:4 | Found a transporter.
 35264 | Vaults:4 | Found a one-way gate to the infinite horrors of the Abyss.
 35271 | Vaults:4 | Noticed a hellephant
 36098 | Vaults:4 | Identified the +0 scale mail of the Old World {Will- Regen+
                  | Dex+4}
 36474 | Elf:1    | Entered Level 1 of the Elven Halls
 36493 | Elf:1    | Found a radiant altar of Vehumet.
 36502 | Elf:1    | Paralysed by an air elemental for 1 turns
 36590 | Elf:1    | Lost mutation: You have a pair of large horns on your head.
                  | [Jiyva's grace]
 36590 | Elf:1    | Lost mutation: You are somewhat resistant to further
                  | mutation. [Jiyva's grace]
 36590 | Elf:1    | Lost mutation: Your gelatinous body deflects attacks. (AC
                  | +3, EV +3) [Jiyva's grace]
 36590 | Elf:1    | Gained mutation: You are partially covered in large bone
                  | plates. (SH +4) [Jiyva's grace]
 36590 | Elf:1    | Gained mutation: You are mostly covered in large bone
                  | plates. (SH +6) [Jiyva's grace]
 36590 | Elf:1    | Gained mutation: You are completely covered in large bone
                  | plates. (SH +8) [Jiyva's grace]
 36590 | Elf:1    | Gained mutation: You are agile. (Dex +4, Str/Int -1)
                  | [Jiyva's grace]
 36591 | Elf:1    | Found a shimmering blue altar of Sif Muna.
 36610 | Elf:1    | Found a frozen archway.
 36619 | IceCv    | Entered an ice cave
 37734 | Elf:1    | Reached XP level 20. HP: 195/216 MP: 16/19
 38276 | Depths:1 | Entered Level 1 of the Depths
 38341 | Depths:1 | Found a stormy altar of Qazlal.
 38341 | Depths:1 | Noticed Boris
 38359 | Depths:1 | Killed Boris
 38566 | Depths:1 | Found Fotui's Overcharged Wands.
 38577 | Depths:1 | You fall into a shaft and drop 1 floor!
 38583 | Depths:2 | Lost mutation: You have claws for feet. [Jiyva's grace]
 38583 | Depths:2 | Lost mutation: You are completely covered in large bone
                  | plates. (SH +8) [Jiyva's grace]
 38583 | Depths:2 | Lost mutation: You have a somewhat thin skeletal structure.
                  | (Dex +2, Stealth+) [Jiyva's grace]
 38583 | Depths:2 | Gained mutation: You are covered in fur. (AC +1) [Jiyva's
                  | grace]
 38583 | Depths:2 | Gained mutation: You are covered in thick fur. (AC +2)
                  | [Jiyva's grace]
 38583 | Depths:2 | Gained mutation: Your thick and shaggy fur keeps you warm.
                  | (AC +3, rC+) [Jiyva's grace]
 38583 | Depths:2 | Gained mutation: Your melee attacks may engulf your foes in
                  | ooze. [Jiyva's grace]
 38586 | Depths:2 | Noticed Aizul
 38611 | Depths:2 | Killed Aizul
 38659 | Depths:2 | Noticed Boris
 38676 | Depths:2 | Killed Boris
 38762 | Depths:2 | Found Cuominih's Jewellery Emporium.
 38807 | Depths:2 | Found a gateway to Hell.
 38885 | Depths:2 | Noticed Vv
 39666 | Depths:2 | Identified the ring "Pourghi" {rF- rC+ Int+3 Dex+3}
 39691 | Depths:2 | Noticed a juggernaut
 39901 | Depths:1 | Killed a juggernaut
 39957 | Depths:2 | Noticed a golden dragon
 39960 | Depths:2 | Noticed a caustic shrike
 39970 | Depths:2 | Killed a golden dragon
 39985 | Depths:2 | Killed a caustic shrike
 40025 | Depths:2 | Noticed a juggernaut
 40057 | Depths:2 | Killed a juggernaut
 40317 | Depths:2 | Got the Guidebook on Variable Malisons
 40465 | Depths:1 | Killed Vv
 40466 | Depths:1 | Reached skill level 10 in Dodging
 40557 | Depths:2 | Found a one-way gate leading to the halls of Pandemonium.
 41100 | Elf:2    | Found a bloodstained altar of Trog.
 41144 | Elf:2    | Paralysed by an air elemental for 1 turns
 41322 | Elf:2    | Found a runed translucent gate.
 41323 | Elf:2    | Found a runed translucent gate.
 41323 | Elf:2    | Found a runed translucent gate.
 41662 | Elf:2    | Reached XP level 21. HP: 224/224 MP: 20/20
 41747 | Elf:2    | Lost mutation: You are mostly covered in large bone plates.
                  | (SH +6) [Jiyva's grace]
 41747 | Elf:2    | Lost mutation: You are agile. (Dex +4, Str/Int -1) [Jiyva's
                  | grace]
 41747 | Elf:2    | Lost mutation: Your thick and shaggy fur keeps you warm.
                  | (AC +3, rC+) [Jiyva's grace]
 41747 | Elf:2    | Gained mutation: You have a pair of large horns on your
                  | head. [Jiyva's grace]
 41747 | Elf:2    | Gained mutation: You are strong-willed. (Will+) [Jiyva's
                  | grace]
 41747 | Elf:2    | Gained mutation: You are highly strong-willed. (Will++)
                  | [Jiyva's grace]
 41747 | Elf:2    | Gained mutation: You are extremely strong-willed. (Will+++)
                  | [Jiyva's grace]
 42363 | Vaults:5 | Entered Level 5 of the Vaults
 42370 | Vaults:5 | Noticed a dread lich
 42387 | Vaults:5 | Noticed Mara
 42442 | Vaults:5 | Killed a dread lich
 42453 | Vaults:5 | Identified the staff of death "Kecokhiz" {rElec rC++ rN+
                  | Dex+2}
 42456 | Vaults:5 | Noticed a golden dragon
 42463 | Vaults:5 | Reached skill level 15 in Armour
 42470 | Vaults:5 | Killed a golden dragon
 42535 | Vaults:5 | HP: 9/224 [vault guard/+2 glaive (6)]
 42733 | Vaults:5 | Identified the staff of cold "Yblid" {rElec rC+ Int+3
                  | Dex+2}
 42739 | Vaults:5 | Noticed a golden dragon
 42764 | Vaults:5 | Killed a golden dragon
 42819 | Vaults:5 | Noticed a golden dragon
 42848 | Vaults:5 | Killed a golden dragon
 42872 | Vaults:5 | Noticed a dread lich
 43006 | Vaults:5 | Noticed snarfax's illusion
 43181 | Vaults:5 | Got Venleuv's Precepts of the Sky
 43283 | Vaults:5 | Got the Vademecum on United Bones
 43358 | Vaults:5 | Reached XP level 22. HP: 118/215 MP: 21/21
 43435 | Vaults:5 | Noticed snarfax's illusion
 43594 | Vaults:4 | Noticed snarfax's illusion
 43594 | Vaults:4 | Killed Mara
 43876 | Vaults:5 | Reached skill level 15 in Dodging
 44015 | Vaults:5 | Killed a dread lich
 44080 | Vaults:5 | Got a silver rune of Zot
 44081 | Vaults:5 | Identified the staff of conjuration "Zoufat" {rC+ rCorr
                  | Str-4 Stlth+}
 44193 | Vaults:5 | Identified the +0 chain mail of Fanaticism {rElec Int+3}
 44662 | Depths:3 | Found a blossoming altar of Fedhas.
 44709 | Depths:3 | Found an ancient bone altar of Kikubaaqudgha.
 44780 | Depths:3 | Noticed a golden dragon
 44939 | Depths:3 | Identified the +10 glaive "Hyvvann" {heavy, MP+9 Str+2
                  | SInv}
 45058 | Depths:3 | Found a one-way gateway to a ziggurat.
 45409 | Depths:3 | Lost mutation: You have a pair of large horns on your head.
                  | [Jiyva's grace]
 45409 | Depths:3 | Lost mutation: You have razor-sharp toenails. [Jiyva's
                  | grace]
 45409 | Depths:3 | Lost mutation: You have sharp toenails. [Jiyva's grace]
 45409 | Depths:3 | Lost mutation: You are partially covered in large bone
                  | plates. (SH +4) [Jiyva's grace]
 45409 | Depths:3 | Lost mutation: You possess an exceptional clarity of mind.
                  | [Jiyva's grace]
 45409 | Depths:3 | Lost mutation: You are covered in thick fur. (AC +2)
                  | [Jiyva's grace]
 45409 | Depths:3 | Lost mutation: Your pliable body absorbs attacks. (AC +2,
                  | EV +2) [Jiyva's grace]
 45409 | Depths:3 | Gained mutation: You are agile. (Dex +4, Str/Int -1)
                  | [Jiyva's grace]
 45409 | Depths:3 | Gained mutation: You are very agile. (Dex +8, Str/Int -2)
                  | [Jiyva's grace]
 45409 | Depths:3 | Gained mutation: You are resistant to electric shocks.
                  | (rElec) [Jiyva's grace]
 45409 | Depths:3 | Gained mutation: You have acidic saliva. [Jiyva's grace]
 45681 | Depths:3 | Killed a golden dragon
 46206 | Vaults:2 | Bought a scroll of teleportation for 75 gold pieces
 46626 | Elf:3    | Entered Level 3 of the Elven Halls
 46848 | Elf:3    | Paralysed by an air elemental for 1 turns
 46861 | Elf:3    | Paralysed by an air elemental for 1 turns
 46865 | Elf:3    | Paralysed by an air elemental for 1 turns
 46898 | Elf:3    | Found Qoupaxy's One-of-a-Kind Books.
 46909 | Elf:3    | Acquired 728 gold pieces
 47443 | Elf:3    | Identified the +6 demon blade "Atru" {pain, Str+6 Dex+3}
 47478 | Elf:3    | Reached XP level 23. HP: 240/240 MP: 22/22
 47484 | Elf:3    | Identified the +0 robe of a sewer {Will+++ Int+4 Dex-2
                  | Stlth-}
 47487 | Elf:3    | Identified the +8 flail "Suenwashisch" {speed, rPois}
 47533 | Elf:3    | Got Sif Muna's Volume of Clay
 47537 | Elf:3    | Identified the ring "Piydwa" {Fire rPois Str+3}
 47543 | Elf:3    | Identified the +3 whip of the Depths {drain, rElec rC++
                  | Str+4 Dex-3}
 47548 | Elf:3    | Got the Secrets of the Shift and Austromancy
 47663 | Elf:3    | Got the Textbook on Lithic Bewitchment
 47694 | Elf:3    | Found the +16 obsidian axe {drain, demonic, Mesm Drain Fly
                  | SInv}
 47696 | Elf:3    | Identified the +5 hat "Mischar" {rN+ Dex+3}
 47698 | Elf:3    | Got the Collected Works on Sepulchral Places
 47739 | Elf:3    | Identified the +6 halberd of Cuecroum {antimagic, Str+3
                  | Dex+3}
 47752 | Elf:3    | Paralysed by an air elemental for 1 turns
 48075 | Depths:4 | Entered Level 4 of the Depths
 48107 | Depths:4 | Noticed Boris
 48413 | Depths:4 | Found a runed translucent door.
 48413 | Depths:4 | Found a runed translucent door.
 48542 | Depths:4 | Noticed an ancient lich
 48545 | Depths:4 | Noticed Olanal's ghost (veteran AtFi)
 48787 | Depths:4 | Killed Boris
 48801 | Depths:4 | Identified the ring "Zeczoyda" {Fire SInv}
 48853 | Depths:4 | Found a gate to the Realm of Zot.
 50695 | D:10     | Killed Dittersdorf's ghost
 50835 | Spider:2 | Killed Jufurghi's ghost
 50857 | Spider:2 | Identified the +0 pair of gloves of Tiuqiump {rF+ rC-
                  | Dex+2}
 51142 | Zot:1    | Entered Level 1 of the Realm of Zot
 51394 | Zot:1    | Lost mutation: You are very agile. (Dex +8, Str/Int -2)
                  | [Jiyva's grace]
 51394 | Zot:1    | Lost mutation: You are extremely strong-willed. (Will+++)
                  | [Jiyva's grace]
 51394 | Zot:1    | Lost mutation: Your rubbery body absorbs attacks. (AC +1,
                  | EV +1) [Jiyva's grace]
 51394 | Zot:1    | Gained mutation: You have hidden genetic potential.
                  | [Jiyva's grace]
 51394 | Zot:1    | Gained mutation: You have great hidden genetic potential.
                  | [Jiyva's grace]
 51394 | Zot:1    | Gained mutation: You have a small jelly attached to you
                  | that senses nearby items. [Jiyva's grace]
 51394 | Zot:1    | Gained mutation: Your system is resistant to poisons.
                  | (rPois) [Jiyva's grace]
 51549 | Zot:1    | Noticed an orb of fire
 51553 | Zot:1    | Gained mutation: [You occasionally lose the ability to
                  | drink potions when taking damage.] [an orb of fire]
 51560 | Zot:1    | Gained mutation: Your body sometimes deteriorates upon
                  | taking damage. [an orb of fire]
 51564 | Zot:1    | Killed an orb of fire
 52205 | Zot:2    | Noticed an ancient lich
 52390 | Zot:2    | Killed an ancient lich
 52942 | Zot:2    | Reached XP level 24. HP: 145/246 MP: 22/22
 52978 | Zot:2    | Lost mutation: You are agile. (Dex +4, Str/Int -1) [potion
                  | of mutation]
 52978 | Zot:2    | Lost mutation: Your melee attacks may engulf your foes in
                  | ooze. [potion of mutation]
 52978 | Zot:2    | Lost mutation: Your system is resistant to poisons. (rPois)
                  | [potion of mutation]
 52978 | Zot:2    | Lost mutation: You have acidic saliva. [potion of mutation]
 52979 | Zot:2    | Lost mutation: You are resistant to electric shocks.
                  | (rElec) [potion of mutation]
 52979 | Zot:2    | Lost mutation: You have great hidden genetic potential.
                  | [potion of mutation]
 52979 | Zot:2    | Gained mutation: [Your magical capacity is low. (-10% MP)]
                  | [potion of mutation]
 52979 | Zot:2    | Gained mutation: You have sharp toenails. [potion of
                  | mutation]
 53728 | Zot:3    | Lost mutation: Your body sometimes deteriorates upon taking
                  | damage. [Jiyva's grace]
 53728 | Zot:3    | Lost mutation: You are highly strong-willed. (Will++)
                  | [Jiyva's grace]
 53728 | Zot:3    | Lost mutation: Your spells are harder to cast, but more
                  | powerful. [Jiyva's grace]
 53728 | Zot:3    | Lost mutation: [You occasionally lose the ability to drink
                  | potions when taking damage.] [Jiyva's grace]
 53728 | Zot:3    | Gained mutation: Your flesh is heat resistant. (rF+)
                  | [Jiyva's grace]
 53728 | Zot:3    | Gained mutation: Your flesh is very heat resistant. (rF++)
                  | [Jiyva's grace]
 53728 | Zot:3    | Gained mutation: Your flesh is almost immune to the effects
                  | of heat. (rF+++) [Jiyva's grace]
 53728 | Zot:3    | Gained mutation: Your rubbery body absorbs attacks. (AC +1,
                  | EV +1) [Jiyva's grace]
 53763 | Zot:3    | Identified the +10 battleaxe of the Old World {flame,
                  | *Noise rN+ Int-5 Dex+4}
 54047 | Zot:3    | Identified the ring "Taclumn" {Ice Str+3}
 54047 | Zot:3    | Noticed Josephina
 54099 | Zot:2    | Killed Josephina
 54954 | Zot:3    | Gained mutation: You are partially covered in iridescent
                  | scales. (AC +2) [hidden potential]
 55647 | Zot:4    | Lost mutation: [Your magical capacity is low. (-10% MP)]
                  | [Jiyva's grace]
 55647 | Zot:4    | Gained mutation: You have great hidden genetic potential.
                  | [Jiyva's grace]
 55647 | Zot:4    | Gained mutation: You have acidic saliva. [Jiyva's grace]
 55647 | Zot:4    | Gained mutation: Your translucent skin slightly reduces
                  | your foes' accuracy. (Stealth+) [Jiyva's grace]
 55647 | Zot:4    | Gained mutation: Your translucent skin reduces your foes'
                  | accuracy. (Stealth+) [Jiyva's grace]
 56091 | Zot:5    | Entered Level 5 of the Realm of Zot
 56317 | Zot:4    | Upgraded the game from 0.30-a0-1094-g860fb061e7 to
                  | 0.30-a0-1103-g25895a7845
 56771 | Zot:5    | Noticed an orb of fire
 56777 | Zot:5    | Lost mutation: Your spells are a little harder to cast, but
                  | a little more powerful. [an orb of fire]
 56789 | Zot:5    | Noticed a dread lich
 56797 | Zot:5    | Noticed an orb of fire
 56803 | Zot:5    | Killed an orb of fire
 56813 | Zot:5    | Noticed an orb of fire
 56826 | Zot:5    | Killed a dread lich
 56830 | Zot:5    | Gained mutation: [Your magical capacity is low. (-10% MP)]
                  | [an orb of fire]
 56832 | Zot:5    | Gained mutation: Your body sometimes deteriorates upon
                  | taking damage. [an orb of fire]
 56844 | Zot:5    | Killed an orb of fire
 56845 | Zot:5    | Reached skill level 27 in Polearms
 56850 | Zot:5    | Noticed a dread lich
 56864 | Zot:5    | Gained mutation: [You are dopey. (Int -2)] [an orb of fire]
 56910 | Zot:4    | Killed an orb of fire
 57035 | Zot:4    | Killed a dread lich
 57036 | Zot:4    | Reached XP level 25. HP: 253/257 MP: 19/19
 57106 | Zot:5    | Noticed a dread lich
 57106 | Zot:5    | Noticed a dread lich
 57121 | Zot:5    | Killed a dread lich
 57130 | Zot:5    | Killed a dread lich
 57136 | Zot:5    | Noticed a Killer Klown
 57143 | Zot:5    | Noticed a Killer Klown
 57143 | Zot:5    | Killed a Killer Klown
 57163 | Zot:5    | Killed a Killer Klown
 57299 | Zot:5    | Noticed a Killer Klown
 57311 | Zot:5    | Killed a Killer Klown
 57441 | Zot:5    | Noticed a Killer Klown
 57457 | Zot:5    | Killed a Killer Klown
 57509 | Zot:5    | Noticed a dread lich
 57527 | Zot:5    | Killed a dread lich
 57622 | Zot:5    | Gained mutation: You possess an exceptional clarity of
                  | mind. [hidden potential]
 57622 | Zot:5    | Lost mutation: You have great hidden genetic potential.
                  | [hidden potential expressed]
 57743 | Zot:5    | Noticed an ancient lich
 57887 | Zot:5    | Slimified an ancient lich
 57887 | Zot:5    | an ancient lich changed into an azure jelly
 59667 | Depths:3 | Voluntarily entered the Abyss.
 59715 | Abyss:1  | Found a corrupted altar of Lugonu.
 59843 | Abyss:1  | Found a transporter.
 59844 | Abyss:1  | Found a corrupted altar of Lugonu.
 60206 | Abyss:3  | Found a transporter.
 60339 | Abyss:3  | Found a transporter.
 60346 | Abyss:3  | Got an abyssal rune of Zot
 60375 | Abyss:3  | Found a transporter.
 60428 | Depths:3 | Escaped the Abyss
 60569 | Depths:3 | Voluntarily entered the Abyss.
 60569 | Abyss:3  | Found a corrupted altar of Lugonu.
 60598 | Abyss:3  | Found a corrupted altar of Lugonu.
 60609 | Abyss:3  | Lost mutation: You are partially covered in iridescent
                  | scales. (AC +2) [Jiyva's grace]
 60609 | Abyss:3  | Lost mutation: Your flesh is almost immune to the effects
                  | of heat. (rF+++) [Jiyva's grace]
 60609 | Abyss:3  | Lost mutation: Your translucent skin reduces your foes'
                  | accuracy. (Stealth+) [Jiyva's grace]
 60609 | Abyss:3  | Lost mutation: You have hidden genetic potential. [Jiyva's
                  | grace]
 60609 | Abyss:3  | Gained mutation: Your body has grown eyes which may confuse
                  | attackers. (Acc +3) [Jiyva's grace]
 60609 | Abyss:3  | Gained mutation: Your body has grown many eyes which may
                  | confuse attackers. (Acc +5) [Jiyva's grace]
 60609 | Abyss:3  | Gained mutation: Your body is covered in eyes which may
                  | confuse attackers. (Acc +7, SInv) [Jiyva's grace]
 60609 | Abyss:3  | Gained mutation: Your system is resistant to poisons.
                  | (rPois) [Jiyva's grace]
 60813 | Abyss:3  | Acquired 1332 gold pieces
 61035 | Abyss:3  | Reached XP level 26. HP: 266/266 MP: 19/19
 61165 | Depths:3 | Escaped the Abyss
 61171 | Depths:3 | Voluntarily entered the Abyss.
 61355 | Abyss:3  | Gained mutation: Your body often deteriorates upon taking
                  | damage. [a neqoxec]
 61516 | Depths:3 | Escaped the Abyss
 61588 | Depths:3 | Lost mutation: Your rubbery body absorbs attacks. (AC +1,
                  | EV +1) [potion of mutation]
 61588 | Depths:3 | Lost mutation: [Your magical capacity is low. (-10% MP)]
                  | [potion of mutation]
 61588 | Depths:3 | Lost mutation: You possess an exceptional clarity of mind.
                  | [potion of mutation]
 61588 | Depths:3 | Lost mutation: Your body is covered in eyes which may
                  | confuse attackers. (Acc +7, SInv) [potion of mutation]
 61588 | Depths:3 | Gained mutation: Your muscles are strong. (Str +4, Int/Dex
                  | -1) [potion of mutation]
 61616 | Hell     | Entered the Vestibule of Hell
 61616 | Hell     | Noticed Geryon
 61983 | Temple   | Fell from the grace of Jiyva
 61983 | Temple   | Became a worshipper of the Shining One
 63008 | Vaults:4 | Killed a3don's ghost
 63197 | Crypt:1  | Entered Level 1 of the Crypt
 63375 | Crypt:1  | Reached * piety under the Shining One
 63596 | Crypt:1  | Reached ** piety under the Shining One
 64138 | Crypt:2  | Reached *** piety under the Shining One
 64339 | Crypt:2  | Noticed Boris
 64355 | Crypt:2  | Killed Boris
 64359 | Crypt:2  | Reached **** piety under the Shining One
 64384 | Crypt:2  | Found a huge runed gate.
 64384 | Crypt:2  | Found a huge runed gate.
 64385 | Crypt:2  | Found a huge runed gate.
 64385 | Crypt:2  | Found a huge runed gate.
 64385 | Crypt:2  | Found a huge runed gate.
 64386 | Crypt:2  | Found a huge runed gate.
 64386 | Crypt:2  | Found a huge runed gate.
 64387 | Crypt:2  | Found a huge runed gate.
 64387 | Crypt:2  | Found a huge runed gate.
 64450 | Crypt:2  | Found a huge runed gate.
 64450 | Crypt:2  | Found a huge runed gate.
 64450 | Crypt:2  | Found a huge runed gate.
 64451 | Crypt:2  | Found a huge runed gate.
 64635 | Crypt:2  | Identified the +3 falchion "Wehua" {freeze, rF+ rC++}
 64719 | Crypt:2  | Found a huge runed gate.
 64719 | Crypt:2  | Found a huge runed gate.
 64719 | Crypt:2  | Found a huge runed gate.
 64719 | Crypt:2  | Found a huge runed gate.
 64719 | Crypt:2  | Found a huge runed gate.
 64719 | Crypt:2  | Found a huge runed gate.
 64720 | Crypt:2  | Found a huge runed gate.
 64721 | Crypt:2  | Found a huge runed gate.
 64722 | Crypt:2  | Found a huge runed gate.
 64953 | Crypt:2  | Found a huge runed gate.
 64953 | Crypt:2  | Found a huge runed gate.
 64953 | Crypt:2  | Found a huge runed gate.
 64955 | Crypt:2  | Found a huge runed gate.
 64955 | Crypt:2  | Found a huge runed gate.
 64956 | Crypt:2  | Found a huge runed gate.
 64959 | Crypt:2  | Found a huge runed gate.
 64959 | Crypt:2  | Found a huge runed gate.
 64959 | Crypt:2  | Found a huge runed gate.
 64959 | Crypt:2  | Found a huge runed gate.
 64959 | Crypt:2  | Found a huge runed gate.
 64961 | Crypt:2  | Found a huge runed gate.
 64962 | Crypt:2  | Found a huge runed gate.
 64963 | Crypt:2  | Found a huge runed gate.
 64982 | Crypt:2  | Noticed an ancient lich
 64985 | Crypt:2  | Reached ***** piety under the Shining One
 65326 | Crypt:1  | Killed an ancient lich
 65512 | Crypt:2  | Noticed a dread lich
 65528 | Crypt:2  | Killed a dread lich
 65537 | Crypt:3  | Entered Level 3 of the Crypt
 65564 | Crypt:3  | Noticed Sojobo
 65584 | Crypt:3  | Killed Sojobo
 65615 | Crypt:3  | Found a magical portal.
 65620 | WizLab   | Entered Borgnjor's Mausoleum
 65831 | WizLab   | Reached ****** piety under the Shining One
 65832 | WizLab   | Identified a +9 trishula of holy wrath (a +9 demon trident
                  | of venom blessed by the Shining One)
 65832 | WizLab   | Received a gift from the Shining One
 65932 | WizLab   | Reached skill level 1 in Invocations
 66494 | Crypt:3  | Gained mutation: [You occasionally lose the ability to read
                  | scrolls when taking damage.] [a shining eye]
 66507 | Crypt:3  | Lost mutation: Your flesh is very heat resistant. (rF++)
                  | [the all-consuming vengeance of Jiyva]
 66507 | Crypt:3  | Lost mutation: Your flesh is heat resistant. (rF+) [the
                  | all-consuming vengeance of Jiyva]
 66507 | Crypt:3  | Gained mutation: [You are vulnerable to heat. (rF-)] [the
                  | all-consuming vengeance of Jiyva]
 66507 | Crypt:3  | Lost mutation: Your muscles are strong. (Str +4, Int/Dex
                  | -1) [the all-consuming vengeance of Jiyva]
 66722 | Crypt:3  | Reached skill level 5 in Invocations
 66728 | Crypt:3  | Found a staircase to the Tomb.
 66739 | Crypt:3  | Reached XP level 27. HP: 189/273 MP: 25/25
 66758 | Crypt:3  | Noticed Khufu
 66944 | Crypt:3  | Lost intelligence.
 67122 | Vaults:1 | Gained mutation: [Your magical capacity is low. (-10% MP)]
                  | [the all-consuming vengeance of Jiyva]
 67122 | Vaults:1 | Gained mutation: [Your magical capacity is very low. (-20%
                  | MP)] [the all-consuming vengeance of Jiyva]
 67122 | Vaults:1 | Gained mutation: [You are clumsy. (Dex -2)] [the
                  | all-consuming vengeance of Jiyva]
 67294 | Depths:1 | Lost mutation: You have acidic saliva. [the all-consuming
                  | vengeance of Jiyva]
 67394 | Depths:3 | Voluntarily entered the Abyss.
 67543 | Abyss:3  | Paralysed by accursed screaming for 1 turns
 67633 | Abyss:3  | Lost mutation: [You are clumsy. (Dex -2)] [potion of
                  | mutation]
 67633 | Abyss:3  | Lost mutation: You have sharp toenails. [potion of
                  | mutation]
 67633 | Abyss:3  | Lost mutation: You are covered in slimy tendrils that may
                  | disarm your opponents. [potion of mutation]
 67633 | Abyss:3  | Gained mutation: You are partially covered in large bone
                  | plates. (SH +4) [potion of mutation]
 67662 | Depths:3 | Escaped the Abyss
 67769 | Depths:3 | Lost mutation: You have a small jelly attached to you that
                  | senses nearby items. [the all-consuming vengeance of Jiyva]
 67802 | Depths:3 | Lost mutation: Your body has grown many eyes which may
                  | confuse attackers. (Acc +5) [the all-consuming vengeance of
                  | Jiyva]
 68905 | Crypt:3  | Found a basalt altar of Yredelemnul.
 69051 | Crypt:3  | Found an ancient bone altar of Kikubaaqudgha.
 69148 | Crypt:3  | Identified the amulet of Ajofuseq {Acrobat rElec Str+2}
 69231 | Crypt:3  | Killed Khufu
 69624 | Tomb:1   | Entered Level 1 of the Tomb of the Ancients
 69783 | Tomb:1   | Reached skill level 10 in Invocations
 69873 | Tomb:1   | Reached skill level 1 in Evocations
 69900 | Tomb:1   | Lost mutation: Your body has grown eyes which may confuse
                  | attackers. (Acc +3) [the all-consuming vengeance of Jiyva]
 69903 | Tomb:1   | Gained mutation: [Your spells are a little easier to cast,
                  | but a little less powerful.] [a shining eye]
 70212 | Tomb:1   | Noticed a royal mummy
 70232 | Tomb:1   | Killed a royal mummy
 70278 | Tomb:1   | Noticed a royal mummy
 70295 | Tomb:1   | Killed a royal mummy
 70433 | Tomb:1   | Gained mutation: [You are occasionally teleported next to
                  | monsters.] [a neqoxec]
 70538 | Tomb:1   | Lost mutation: Your translucent skin slightly reduces your
                  | foes' accuracy. (Stealth+) [the all-consuming vengeance of
                  | Jiyva]
 70538 | Tomb:1   | Was forgiven by Jiyva
 70541 | Tomb:1   | Lost mutation: [You are occasionally teleported next to
                  | monsters.] [potion of mutation]
 70541 | Tomb:1   | Lost mutation: You are strong-willed. (Will+) [potion of
                  | mutation]
 70541 | Tomb:1   | Lost mutation: [Your magical capacity is very low. (-20%
                  | MP)] [potion of mutation]
 70541 | Tomb:1   | Lost mutation: [You are dopey. (Int -2)] [potion of
                  | mutation]
 70554 | Tomb:1   | Lost mutation: [You occasionally lose the ability to read
                  | scrolls when taking damage.] [potion of mutation]
 70554 | Tomb:1   | Lost mutation: [You are vulnerable to heat. (rF-)] [potion
                  | of mutation]
 70554 | Tomb:1   | Gained mutation: You expend magic power (3 MP) to
                  | strengthen your wands. [potion of mutation]
 70554 | Tomb:1   | Gained mutation: [Your spells are easier to cast, but less
                  | powerful.] [potion of mutation]
 71106 | Hell     | Lost intelligence.
 71108 | Hell     | Gained mutation: [You are clumsy. (Dex -2)] [a cacodemon]
 71233 | Depths:3 | Voluntarily entered the Abyss.
 71275 | Abyss:3  | Found an opulent altar of Gozag.
 71324 | Abyss:3  | Paralysed by accursed screaming for 1 turns
 71327 | Abyss:3  | Paralysed by accursed screaming for 1 turns
 71390 | Abyss:3  | Reached skill level 5 in Evocations
 71418 | Abyss:3  | HP: 11/245 [tentacled starspawn (23)]
 71418 | Abyss:3  | Killed from afar by a smoke demon

Illustrated notes

Levels and vault maps discovered:
D:1:      dpeg_arrival_tiny_a, layout_loops_ring
D:2:      layout_basic, hangedman_decor_opposing, grunt_ministairs_15
D:3:      layout_rooms, slow_altar_1, uniq_terence, uniq_ijyb
D:4:      layout_loops_ring, uniq_blork_the_orc, uniq_eustachio, uniq_natasha
D:5:      layout_cave_pools, old_standard_altar, minmay_temple_entry_slanted,
          serial_bayou, serial_bayou_pond_d, serial_bayou_crossing,
          serial_bayou_pond_d, serial_bayou_lagoon_b,
          chequers_serial_rivers_micro_c, lightli_minifort
D:6:      layout_basic, uniq_sigmund, uniq_maggie
D:7:      layout_basic, lemuel_crystal_altar, minmay_misc_feat_columns
D:8:      layout_rooms, serial_shops, shop, uniq_pikel
D:9:      layout_grid_maze, grunt_temple_overflow_cloverleaf, orc_0_dummy
D:10:     layout_roguey, nicolae_ashenzari_skybound, elyvilon_altar_5,
          lemuel_coloured_pillars_altar, erik_lair_island, enter_trove_6,
          ebering_ghost_rock_garden, uniq_fannar
D:11:     layout_basic
D:12:     layout_roguey, serial_shops, nicolae_shop_pleasant_corner_grove,
          nicolae_shop_behind_doors, nicolae_shop_drivethru, shop_fountains,
          shop, gauntlet_entry_generic, nicolae_elemental_shop
D:13:     layout_roguey
D:14:     layout_stronghold, david_vaults_5, minmay_strange_pillars,
          minmay_misc_feat_secret_circle, feat_on_display
D:15:     gammafunk_depths_entry_grave, layout_irregular_city, minivault_19,
          drop_trap, minmay_tree_intersection
Temple:   nicolae_temple_hex_pool
Lair:1:   layout_regular_city, minivault_27, nicolae_lair_liquid_snakes,
          uniq_grum
Lair:2:   layout_roguey, hellmonk_spider_entry_not_the_bees
Lair:3:   layout_gridlike, minmay_swamp_entry_worms, gammafunk_ghost_necromancy
Lair:4:   layout_cellular_growth, slime_entry_1, st_stairs_4, grunt_megastairs_3
Lair:5:   due_jungle_book, layout_concentric_octagons, lemuel_fruit_fields
Swamp:1:  layout_basic_swamp, nicolae_swamp_oxbows
Swamp:2:  layout_falls_marsh, evilmike_swamp_ruin_rubble_2, uniq_kirke
Swamp:3:  layout_basic_swamp, evilmike_swamp_ruin_house_5
Swamp:4:  swamp, layout_basic_swamp, infiniplex_staircase_pool
Spider:1: layout_spider_delve
Spider:2: layout_spider_delve, gammafunk_ghost_tricky_traps,
          nicolae_spider_eight_legs
Spider:3: layout_spider_delve
Spider:4: grunt_spider_rune_parallel
Slime:1:  layout_caves
Slime:2:  layout_caves
Slime:3:  layout_caves
Slime:4:  layout_caves
Slime:5
Orc:1:    layout_caves
Orc:2:    st_orc_congregation, layout_caves, mines1_david
Elf:1:    eino_elf_arrival_altar, layout_onion_city, basic_altar,
          portal_ice_cave_entry_ice_statue_two, minivault_28
Elf:2:    nicolae_elf_blades_crystal_corner, layout_geoelf_grid,
          evilmike_spriggan_trog_shrine
Elf:3:    minmay_elf_hall_furrowed, layout_loops_cross, nicolae_rare_books,
          minivault_16
Vaults:1: hangedman_vaults_corner_blocks, vaults_room_semicircle,
          vaults_mumra_chevron_long, vaults_standard_mumra_enter_the_diamond,
          nicolae_vaults_network_quinsquares
          [nicolae_vaults_network_quincunx_subvault,
          nicolae_vaults_network_quincunx_subvault,
          nicolae_vaults_network_quincunx_subvault,
          nicolae_vaults_network_quincunx_subvault], v_misc_18, v_pattern_3,
          nicolae_vaults_diagonal_hallway_9, ontoclasm_vaults_chip,
          nicolae_vaults_triangles, st_spiral_rooms, vaults_dpeg_hooks,
          vaults_room_hallway, vaults_dpeg_ring, layout_vaults_omnibox,
          uniq_zenata
Vaults:2: minmay_crypt_entry_necro_gods, v_alt_pattern_1, vaults_room_pool,
          vaults_room_fours, ontoclasm_vaults_loading_screen,
          hangedman_vaults_trim, layout_vaults_omnigrid, serial_shops,
          nicolae_shop_tiny_statue_garden
Vaults:3: serial_ice_m, grunt_vaults_bifocal, vaults_room_ringed_pool,
          hangedman_vaults_cutoff, grunt_vaults_funnel, vaults_room_large_hall,
          nicolae_vaults_little_ls, ontoclasm_vaults_claustrophobia,
          nicolae_vaults_yaktaur_gun_rack, nicolae_vaults_three_branches,
          vaults_room_corners, layout_vaults_big_room, uniq_jory,
          uniq_saint_roka, uniq_bai_suzhen, uniq_boris, uniq_frederick
Vaults:4: gammafunk_ghost_abyssal_escape, hangedman_vaults_cutoff,
          nicolae_vaults_back_hallway, vaults_dpeg_encased_lava,
          nicolae_vaults_theta, v_misc_17, nicolae_vaults_specimen_jars,
          v_rooms_6, v_misc_16, nicolae_vaults_asterisk, layout_vaults_omnicross
Vaults:5: serial_shops, uniq_mara
Crypt:1:  layout_catacombs, uniq_grunn
Crypt:2:  layout_misc_corridors, st_stairs_13, door_vault, uniq_margery
Crypt:3:  lightli_unholy_cathedral, layout_chaotic_city,
          nicolae_tomb_entry_unfolded_pyramid_diagonal,
          infiniplex_enter_wizlab_spiral, st_stairs_4, grunt_ministairs_13,
          nicolae_crypt_soggy_tomb, tombwall_bobbens, uniq_khufu, uniq_sojobo
Tomb:1
Depths:1: nicolae_hitomezashi [nicolae_hito_row, nicolae_hito_row,
          nicolae_hito_row, nicolae_hito_row, nicolae_hito_row,
          nicolae_hito_row, nicolae_hito_row, nicolae_hito_row,
          nicolae_hito_row, nicolae_hito_row, nicolae_hito_row,
          nicolae_hito_row, nicolae_hito_row, nicolae_hito_row,
          nicolae_hito_row, nicolae_hito_row, nicolae_hito_row,
          nicolae_hito_row], layout_gridlike, grunt_qazlal_clouds,
          hangedman_geh_valley, nicolae_shop_overcharged_wands
Depths:2: evilmike_diamond_1, layout_cave_pools, serial_shops,
          nicolae_shop_gaudy_bauble, grunt_pan_entry_zigzag,
          pf_hell_entry_tar_river, uniq_vv, uniq_aizul
Depths:3: grunt_double_whammy, layout_basic, enter_ziggurat_d, abyss_entry,
          hangedman_coc_ice_floe, fedhas_altar_1, minmay_misc_feat_rugged,
          kennysheep_diamond, minmay_mirror_moons_of_madness
Depths:4: evilmike_zot_entry_argh, layout_basic, hell_entry,
          chequers_serial_rivers_small_a, muffindrake_ghost_dual_entry,
          hangedman_corner_corridor
Hell
Zot:1:    layout_cathedral_of_symmetry, zot_minivault_2
Zot:2:    ebering_greatest_show_in_zot, layout_twisted_circle
Zot:3:    kennysheep_room_grid, layout_cathedral_of_symmetry,
          grunt_megastairs_1, uniq_josephina
Zot:4:    layout_basic
Zot:5:    layout_misc_corridors
Abyss:3:  base: D:9, gammafunk_abyss_rune_reverse_zot, bh_abyss_exit_spiral,
          base: Elf:2, evilmike_abyss_exit_14, lemuel_flamethrower_3,
          evilmike_abyss_exit_15, evilmike_abyss_exit_13,
          hangedman_abyss_lost_library, evilmike_abyss_exit_17,
          hangedman_cross_veins, hangedman_cross_veins, bh_abyss_exit_choice,
          base: Lair:3, evilmike_abyss_exit_13, base: D:2, base: Spider:4,
          evilmike_abyss_exit_plants, evilmike_abyss_exit_16

Skill      XL: |  1  2  3  4  5  6  7  8  9 10 11 12 13 14 15 16 17 18 19 20 21 22 23 24 25 26 27 |
---------------+----------------------------------------------------------------------------------+-----
Polearms       | 4 5 6 7 8 9 12 13 15 16 18 21 23 25 27 | 27.0
Fighting       | 3 4 5 6 8 10 12 14 17 19 23 24 26 27 | 27.0
Armour         | 3 6 9 10 11 14 15 20 24 | 24.0
Dodging        | 5 7 10 14 16 19 21 23 24 25 | 25.0
Shields        | 5 10 13 16 19 20 | 20.0
Stealth        | 7 10 12 15 16 | 16.5
Invocations    | 5 11 | 11.6
Evocations     | 5 |  5.0
Throwing       | |  2.0

Action                     |  1- 3 |  4- 6 |  7- 9 | 10-12 | 13-15 | 16-18 | 19-21 | 22-24 | 25-27 || total
---------------------------+-------+-------+-------+-------+-------+-------+-------+-------+-------++-------
  Melee: Trident           |    70 |    21 |       |       |       |       |       |       |       ||    91
         Headbutt          |    10 |    10 |    31 |    99 |   293 |   362 |   360 |   595 |   681 ||  2441
         Halberd           |       |    74 |   282 |   105 |       |       |       |       |   519 ||   980
         Demon trident     |       |       |       |   476 |  1299 |  1450 |  1558 |  2132 |  1033 ||  7948
         Punch             |       |       |       |     8 |       |       |       |       |       ||     8
         Kick              |       |       |       |       |    57 |       |   597 |   434 |   911 ||  1999
         Unarmed           |       |       |       |       |       |     5 |       |       |     2 ||     7
         Bite              |       |       |       |       |       |       |       |   211 |   296 ||   507
         Trishula          |       |       |       |       |       |       |       |       |   818 ||   818
  Throw: Throwing net      |       |     1 |       |     2 |       |       |       |     1 |       ||     4
         Dart              |       |       |     3 |    17 |     5 |     2 |       |     3 |     7 ||    37
         Javelin           |       |       |       |       |       |       |     6 |     4 |       ||    10
 Invoke: Slimify           |       |       |       |       |       |       |       |     1 |     1 ||     2
         Brand Weapon With |       |       |       |       |       |       |       |       |     1 ||     1
         Summon Divine War |       |       |       |       |       |       |       |       |     5 ||     5
         Cleansing Flame   |       |       |       |       |       |       |       |       |     1 ||     1
  Evoke: Wand              |       |       |       |       |     1 |       |       |     1 |     2 ||     4
         Box of beasts     |       |       |       |       |       |     1 |       |     1 |       ||     2
         Phantom mirror    |       |       |       |       |       |     1 |       |     1 |       ||     2
    Use: Scroll            |     4 |       |     9 |    13 |    14 |     4 |    15 |     9 |     9 ||    77
         Potion            |       |     1 |     4 |     2 |     1 |     5 |     8 |     6 |    12 ||    39
   Stab: Held in net/web   |       |     1 |       |     1 |       |       |       |       |       ||     2
         Distracted        |       |       |       |       |     5 |     9 |     4 |     2 |       ||    20
         Sleeping          |       |       |       |       |     7 |    17 |    15 |     9 |       ||    48
         Paralysed         |       |       |       |       |       |       |     2 |       |       ||     2
         Confused          |       |       |       |       |       |       |       |     1 |    10 ||    11
 Armour: Ring mail         |     2 |       |       |       |       |       |       |       |       ||     2
         Leather armour    |     1 |       |       |       |       |       |       |       |       ||     1
         Scale mail        |    14 |     6 |       |       |       |       |       |       |       ||    20
         Chain mail        |       |    88 |    72 |       |       |       |       |       |       ||   160
         Plate armour      |       |       |    65 |   225 |   336 |   843 |   468 |   345 |       ||  2282
         Steam dragon scal |       |       |    23 |       |       |       |       |       |       ||    23
         Pearl dragon scal |       |       |       |       |   179 |       |       |       |       ||   179
         Crystal plate arm |       |       |       |       |       |       |    10 |       |       ||    10
         Gold dragon scale |       |       |       |       |       |       |       |   347 |   753 ||  1100
  Dodge: Dodged            |    24 |    60 |   118 |   138 |   301 |   387 |   321 |   615 |   673 ||  2637
  Block: Buckler           |       |       |       |    11 |    94 |       |       |       |       ||   105
         Kite shield       |       |       |       |       |   206 |   849 |   984 |  1380 |  1208 ||  4627
         Reflection        |       |       |       |       |       |    29 |   127 |    41 |    14 ||   211

Table legend: (Time is in decaauts)
 A = Elapsed time spent in this place.
 B = Non-inter-level travel time spent in this place.
 C = Inter-level travel time spent in this place.
 D = Time resting spent in this place.
 E = Time spent auto-exploring this place.
 F = Levels seen in this place.
 G = Mean time per level.
                   A        B        C        D        E       F      G
               +--------+--------+--------+--------+--------+-----+--------+
         Total |  70624 |  58744 |  11880 |   6660 |  33489 |  68 | 1038.6 |
       Dungeon |  18063 |  13167 |   4896 |   1136 |   9479 |  15 | 1204.2 |
        Temple |    143 |     87 |     56 |      0 |     63 |   1 |  143.0 |
          Lair |   7084 |   6263 |    821 |   1148 |   3910 |   5 | 1416.8 |
         Swamp |   2293 |   2139 |    154 |     17 |   1322 |   4 |  573.2 |
   Spider Nest |   4128 |   3561 |    567 |    366 |   2131 |   4 | 1032.0 |
    Slime Pits |   1749 |   1384 |    365 |      0 |   1197 |   5 |  349.8 |
  Orcish Mines |   1506 |   1181 |    325 |      0 |    884 |   2 |  753.0 |
   Elven Halls |   3396 |   3048 |    348 |     74 |   1934 |   3 | 1132.0 |
        Vaults |   8709 |   6728 |   1981 |    363 |   4032 |   5 | 1741.8 |
         Crypt |   4705 |   4360 |    345 |    749 |   2018 |   3 | 1568.3 |
          Tomb |   1577 |   1373 |    204 |    294 |    152 |   1 | 1577.0 |
        Depths |   7286 |   6045 |   1241 |   1480 |   2752 |   4 | 1821.5 |
          Hell |     16 |     16 |      0 |      0 |      0 |   1 |   16.0 |
           Zot |   6747 |   6176 |    571 |    838 |   2743 |   5 | 1349.4 |
         Abyss |   2042 |   2042 |      0 |    148 |    525 |   7 |  291.7 |
      Ice Cave |    426 |    426 |      0 |      0 |    271 |   1 |  426.0 |
        Wizlab |    453 |    453 |      0 |     43 |     72 |   1 |  453.0 |
      Gauntlet |    294 |    294 |      0 |      2 |      0 |   1 |  294.0 |
               +--------+--------+--------+--------+--------+-----+--------+

Top non-repeatable levels by time:
Vaults:1: 2240 daAuts
Depths:4: 2126 daAuts
 Crypt:3: 2106 daAuts
Depths:3: 2053 daAuts
    D:14: 2039 daAuts
    D:10: 1993 daAuts
     D:9: 1923 daAuts
 Abyss:3: 1790 daAuts
  Lair:1: 1771 daAuts
Vaults:4: 1755 daAuts
   Zot:5: 1730 daAuts
  Lair:2: 1722 daAuts
     D:7: 1680 daAuts
Vaults:2: 1631 daAuts
  Lair:5: 1579 daAuts
